Workbook
Name Categoria_de_Medicamentos_para_fisco: #REF!
Name CATFisco: #REF!
Name dados: #REF!
Name FarmaciaPopular: #REF!
Name tab_naturezas: #REF!
Name TM1REBUILDOPTION: 1

Sheet Premissas
A1: PREMISSAS
A2: RACIONAL REAJUSTE DE PREÇO CMED
A4: IPCA Acum. Fev/26 | B4: 0.0381
A6: Nível | B6: Nivel # | C6: % Ajuste
A7: Nível 1 (%) | B7: 1 | C7: =B4+B13 -> 0.0381
A8: Nível 2 (%) | B8: 2 | C8: =B4-(B12/2) -> 0.024685
A9: Nível 3 (%) | B9: 3 | C9: =B4-B12 -> 0.01127
A11: Fator | B11: CMED
A12: Fator X | B12: 0.02683
A13: Fator Y | B13: 0
A15: BU | B15: Mês de Reajuste
A16: CMC | B16: Abril
A17: Endo | B17: Abril
A18: N&I | B18: Abril
A19: Non Core | B19: Abril
A20: Fertilidade | B20: Abril
A21: Oncologia | B21: Maio
A23: Racional
A25: Fórmula: IPCA - X + Y + Z
A26: IPCA - acumulado dos últimos 12 meses
A27: Fator X Produtividade: quanto variou a produtividade da indústria farmacêutica vs. o mercado brasileiro (se houve ganhos, há desconto do reajuste).
A28: Fator Y Preços Relativos: impactos de aumentos de custos com energia e variação cambial.
A29: Fator Z Competitividade: quão competitiva é uma classe terapêutica, calculado por meio do método HHI.
A31: Premissas (Atualização ASP Janeiro 2025):
A32: IPCA: Inflação acumulada 12M divulgada oficialmente pelo IBGE em 12/03/26
A33: Fator X: conforme "Nota Técnica SEI nº 691/2026/MF", fator X igual a 2.683%
A34: Fator Y: conforme "Nota Técnica SEI nº 691/2026/MF", fator Y igual a 0%
A35: Fator Z: Considerando agrupamento conforme publicação de mar/2026
A37: Fatores de Conversão
A39: LISTA | B39: PF_FATOR | C39: PMC_FATOR
A40: Positiva | B40: 1.012146 | C40: 0.725481

Sheet IHH
A1: ÍNDICE HERFINDAHL-HIRSCHMAN
A2: NÍVEIS DE REAJUSTE FATOR Z
A4: PRODUTO | B4: Nível de reajuste | C4: Reajuste Anual Esperado
A5: CETROTIDE | B5: 3 | C5: =VLOOKUP(B5,Premissas!$B$6:$C$9,2,0) -> 0.01127
A6: DICLIN | B6: 2 | C6: =VLOOKUP(B6,Premissas!$B$6:$C$9,2,0) -> 0.024685
A7: ACETATO DE CIPROTERONA + ETINILESTRADIOL | B7: 2 | C7: =VLOOKUP(B7,Premissas!$B$6:$C$9,2,0) -> 0.024685
A8: ACICLOVIR | B8: 1 | C8: =VLOOKUP(B8,Premissas!$B$6:$C$9,2,0) -> 0.0381
A9: OVIDREL | B9: 2 | C9: =VLOOKUP(B9,Premissas!$B$6:$C$9,2,0) -> 0.024685
A10: GONAL F | B10: 2 | C10: =VLOOKUP(B10,Premissas!$B$6:$C$9,2,0) -> 0.024685
A11: PERGOVERIS | B11: 2 | C11: =VLOOKUP(B11,Premissas!$B$6:$C$9,2,0) -> 0.024685
A12: BAVENCIO | B12: 3 | C12: =VLOOKUP(B12,Premissas!$B$6:$C$9,2,0) -> 0.01127
A13: BESILATO DE ANLODIPINO | B13: 2 | C13: =VLOOKUP(B13,Premissas!$B$6:$C$9,2,0) -> 0.024685
A14: ROXFLAN | B14: 2 | C14: =VLOOKUP(B14,Premissas!$B$6:$C$9,2,0) -> 0.024685
A15: CONCOR ANLO | B15: 3 | C15: =VLOOKUP(B15,Premissas!$B$6:$C$9,2,0) -> 0.01127
A16: REBIF | B16: 3 | C16: =VLOOKUP(B16,Premissas!$B$6:$C$9,2,0) -> 0.01127
... A43: SAIZEN | B43: 3 | C43: =VLOOKUP(B43,Premissas!$B$6:$C$9,2,0) -> 0.01127

Sheet Lista Interna 26
A1: LISTA INTERNA DE PREÇOS DE MEDICAMENTOS
A2: PREÇOS FÁBRICA E MÁXIMOS AO CONSUMIDOR
A4: Período: 04/2026
A6: BU | B6: CÓD GGREM | C6: LABORATÓRIO | D6: REG ANVISA | E6: CÓD SAP | F6: CÓD EAN | G6: PRODUTO | H6: APRESENTAÇÕES | I6: PRINCIPIO ATIVO | J6: LISTA | K6: PF Sem Imposto | L6: PF 0% | M6: PF 12% | N6: PF 12% ALC | O6: PF 17% | P6: PF 17% ALC | Q6: PF 17,5% | R6: PF 17,5% ALC | S6: PF 18% | T6: PF 18% ALC | U6: PF 19% | V6: PF 19% ALC | W6: PF 19,5% | X6: PF 19,5% ALC | Y6: PF 20% | Z6: PF 20% ALC | AA6: PF 20,5% | AB6: PF 20,5% ALC | AC6: PF 21% | AD6: PF 21% ALC | AE6: PF 22% | AF6: PF 22% ALC | AG6: PF 22,5% | AH6: PF 22,5% ALC | AI6: PF 23% | AJ6: PF 23% ALC | AK6: PMC Sem Impostos | AL6: PMC 0% | AM6: PMC 12% | AN6: PMC 12% ALC | AO6: PMC 17% | AP6: PMC 17% ALC | AQ6: PMC 17,5% | AR6: PMC 17,5% ALC | AS6: PMC 18% | AT6: PMC 18% ALC | AU6: PMC 19% | AV6: PMC 19% ALC | AW6: PMC 19,5% | AX6: PMC 19,5% ALC | AY6: PMC 20% | AZ6: PMC 20% ALC | BA6: PMC 20,5% | BB6: PMC 20,5% ALC | BC6: PMC 21% | BD6: PMC 21% ALC | BE6: PMC 22% | BF6: PMC 22% ALC | BG6: PMC 22,5% | BH6: PMC 22,5% ALC | BI6: PMC 23% | BJ6: PMC 23% ALC | BK6: REGIME DE PREÇO | BL6: ISENÇÃO DE ICMS 87/02 | BM6: ISENÇÃO DE ICMS 162/94 | BN6: FARMÁCIA POPULAR | BO6: RENAME | BP6: USO RESTRITO HOSPITALAR | BQ6: APLICAÇÃO DO CAP | BR6: Linha de Cuidado Art. 156 LC 214/25
A7: GENÉRICOS | B7: 525420010051207 | C7: MERCK S/A | D7: 1008903880025 | E7: 3268230002 | F7: 7891721029417 | G7: ACETATO DE CIPROTERONA; ETINILESTRADIOL | H7: 2 MG + 0,035 MG COM REV CT CART EST CAL AL PVC X 63 | I7: ACETATO DE CIPROTERONA; ETINILESTRADIOL | J7: Positiva | K7: 35.987464 | L7: 36.424568 | M7: 41.392497 | N7: 41.392497 | O7: 43.881648 | P7: 43.881648 | Q7: 44.151305 | R7: 44.151305 | S7: 44.420963 | T7: 44.420963 | U7: 44.970651 | V7: 44.970651 | W7: 45.25068 | X7: 45.25068 | Y7: 45.53071 | Z7: 45.53071 | AA7: 45.821111 | AB7: 45.821111 | AC7: 46.111511 | AD7: 46.111511 | AE7: 46.702685 | AF7: 46.702685 | AG7: 47.003457 | AH7: 47.003457 | AI7: 47.304229 | AJ7: 47.304229 | AK7: 49.604971 | AL7: 50.207473 | AM7: 57.055246 | AN7: 57.055246 | AO7: 60.486281 | AP7: 60.486281 | AQ7: 60.857976 | AR7: 60.857976 | AS7: 61.229672 | AT7: 61.229672 | AU7: 61.987358 | AV7: 61.987358 | AW7: 62.37335 | AX7: 62.37335 | AY7: 62.759341 | AZ7: 62.759341 | BA7: 63.159629 | BB7: 63.159629 | BC7: 63.559916 | BD7: 63.559916 | BE7: 64.374787 | BF7: 64.374787 | BG7: 64.78937 | BH7: 64.78937 | BI7: 65.203953 | BJ7: 65.203953 | BK7: Regulado | BL7: Não | BM7: Não | BN7: Não | BO7: Não | BP7: Não | BQ7: Não | BR7: Náo se Aplica
A8: GENÉRICOS | B8: 525420010051107 | C8: MERCK S/A | D8: 1008903880017 | E8: 3268230001 | F8: 7891721029424 | G8: ACETATO DE CIPROTERONA; ETINILESTRADIOL | H8: 2 MG + 0,035 MG COM REV CT CART EST CAL AL PVC X 21 | I8: ACETATO DE CIPROTERONA; ETINILESTRADIOL | J8: Positiva | K8: 14.284318 | L8: 14.457815 | M8: 16.428393 | N8: 16.428393 | O8: 17.424053 | P8: 17.424053 | Q8: 17.527768 | R8: 17.527768 | S8: 17.631482 | T8: 17.631482 | U8: 17.849283 | V8: 17.849283 | W8: 17.963369 | X8: 17.963369 | Y8: 18.077455 | Z8: 18.077455 | AA8: 18.181169 | AB8: 18.181169 | AC8: 18.305627 | AD8: 18.305627 | AE8: 18.533799 | AF8: 18.533799 | AG8: 18.658257 | AH8: 18.658257 | AI8: 18.772343 | AJ8: 18.772343 | AK8: 19.689445 | AL8: 19.928593 | AM8: 22.644828 | AN8: 22.644828 | AO8: 24.017242 | AP8: 24.017242 | AQ8: 24.160202 | AR8: 24.160202 | AS8: 24.303162 | AT8: 24.303162 | AU8: 24.603377 | AV8: 24.603377 | AW8: 24.760633 | AX8: 24.760633 | AY8: 24.917889 | AZ8: 24.917889 | BA8: 25.060849 | BB8: 25.060849 | BC8: 25.2324 | BD8: 25.2324 | BE8: 25.546912 | BF8: 25.546912 | BG8: 25.718464 | BH8: 25.718464 | BI8: 25.875719 | BJ8: 25.875719 | BK8: Regulado | BL8: Não | BM8: Não | BN8: Não | BO8: Não | BP8: Não | BQ8: Não | BR8: Náo se Aplica
A9: GENÉRICOS | B9: 525400202112111 | C9: MERCK S/A | D9: 1008902800060 | E9: BR1007906 | F9: 7891721023484 | G9: ACICLOVIR | H9: 400 MG COM CT FR PLAS OPC X 30 | I9: ACICLOVIR | J9: Positiva | K9: 195.58842 | L9: 197.96404 | M9: 224.95675 | N9: 224.95675 | O9: 238.51089 | P9: 238.51089 | Q9: 239.96087 | R9: 239.96087 | S9: 241.42135 | T9: 241.42135 | U9: 244.39486 | V9: 244.39486 | W9: 245.91839 | X9: 245.91839 | Y9: 247.45242 | Z9: 247.45242 | AA9: 249.00747 | AB9: 249.00747 | AC9: 250.58353 | AD9: 250.58353 | AE9: 253.7987 | AF9: 253.7987 | AG9: 255.43781 | AH9: 255.43781 | AI9: 257.09793 | AJ9: 257.09793 | AK9: 269.59827 | AL9: 272.87281 | AM9: 310.07945 | AN9: 310.07945 | AO9: 328.76242 | AP9: 328.76242 | AQ9: 330.76106 | AR9: 330.76106 | AS9: 332.77419 | AT9: 332.77419 | AU9: 336.87286 | AV9: 336.87286 | AW9: 338.97288 | AX9: 338.97288 | AY9: 341.08739 | AZ9: 341.08739 | BA9: 343.23086 | BB9: 343.23086 | BC9: 345.4033 | BD9: 345.4033 | BE9: 349.83508 | BF9: 349.83508 | BG9: 352.09441 | BH9: 352.09441 | BI9: 354.38272 | BJ9: 354.38272 | BK9: Regulado | BL9: Não | BM9: Não | BN9: Não | BO9: Não | BP9: Não | BQ9: Não | BR9: HIV/Aids e outras infecções sexualmente transmissiveis (IST)
A10: GENÉRICOS | B10: 525421070052606 | C10: MERCK S/A | D10: 1008902800117 | E10: 3183020004 | F10: 7891721202391 | G10: ACICLOVIR | H10: 400 MG COM CT BL AL PLAS PVC/PVDC TRANS X 30 | I10: ACICLOVIR | J10: Positiva | K10: 195.58842 | L10: 197.96404 | M10: 224.95675 | N10: 224.95675 | O10: 238.51089 | P10: 238.51089 | Q10: 239.96087 | R10: 239.96087 | S10: 241.42135 | T10: 241.42135 | U10: 244.39486 | V10: 244.39486 | W10: 245.91839 | X10: 245.91839 | Y10: 247.45242 | Z10: 247.45242 | AA10: 249.00747 | AB10: 249.00747 | AC10: 250.58353 | AD10: 250.58353 | AE10: 253.7987 | AF10: 253.7987 | AG10: 255.43781 | AH10: 255.43781 | AI10: 257.09793 | AJ10: 257.09793 | AK10: 269.59827 | AL10: 272.87281 | AM10: 310.07945 | AN10: 310.07945 | AO10: 328.76242 | AP10: 328.76242 | AQ10: 330.76106 | AR10: 330.76106 | AS10: 332.77419 | AT10: 332.77419 | AU10: 336.87286 | AV10: 336.87286 | AW10: 338.97288 | AX10: 338.97288 | AY10: 341.08739 | AZ10: 341.08739 | BA10: 343.23086 | BB10: 343.23086 | BC10: 345.4033 | BD10: 345.4033 | BE10: 349.83508 | BF10: 349.83508 | BG10: 352.09441 | BH10: 352.09441 | BI10: 354.38272 | BJ10: 354.38272 | BK10: Regulado | BL10: Não | BM10: Não | BN10: Não | BO10: Não | BP10: Não | BQ10: Não | BR10: HIV/Aids e outras infecções sexualmente transmissiveis (IST)
A11: ONCOLOGIA | B11: 525418100050401 | C11: MERCK S/A | D11: 1008904030017 | E11: F0111201 | F11: 7891721029929 | G11: BAVENCIO | H11: 20 MG/ML SOL DIL INF IV CT FA VD TRANS X 10 ML | I11: AVELUMABE | J11: Negativa | K11: 5794.031 | L11: 6489.32 | M11: 7374.2277 | N11: 6584.1394 | O11: 7818.4513 | P11: 6980.7612 | Q11: 7865.8408 | R11: 7023.074 | S11: 7913.8068 | T11: 7065.8924 | U11: 8011.5085 | V11: 7153.1272 | W11: 8061.2644 | X11: 7197.5536 | Y11: 8111.6474 | Z11: 7242.5463 | AA11: 8162.6675 | AB11: 7288.0953 | AC11: 8214.3348 | AD11: 7334.2207 | AE11: 8319.6415 | AF11: 7428.2513 | AG11: 8373.3213 | AH11: 7476.1667 | AI11: 8427.6888 | AJ11: 7524.7192 | BK11: Regulado | BL11: Não | BM11: Sim | BN11: Não | BO11: Não | BP11: Sim | BQ11: Não | BR11: Oncologia
A12: GENÉRICOS | B12: 525401003113114 | C12: MERCK S/A | D12: 1008902730089 | E12: BR1007743 | F12: 7891721277436 | G12: BESILATO DE ANLODIPINO | H12: 5 MG COM CT BL AL PLAS PVC/PVDC OPC X 30 | I12: BESILATO DE ANLODIPINO | J12: Positiva | K12: 28.48666 | L12: 28.832659 | M12: 32.763442 | N12: 32.763442 | O12: 34.73402 | P12: 34.73402 | Q12: 34.95182 | R12: 34.95182 | S12: 35.15925 | T12: 35.15925 | U12: 35.594851 | V12: 35.594851 | W12: 35.812652 | X12: 35.812652 | Y12: 36.040824 | Z12: 36.040824 | AA12: 36.268996 | AB12: 36.268996 | AC12: 36.497168 | AD12: 36.497168 | AE12: 36.963884 | AF12: 36.963884 | AG12: 37.202427 | AH12: 37.202427 | AI12: 37.440971 | AJ12: 37.440971 | AK12: 39.265894 | AL12: 39.742817 | AM12: 45.160993 | AN12: 45.160993 | AO12: 47.877229 | AP12: 47.877229 | AQ12: 48.177444 | AR12: 48.177444 | AS12: 48.463364 | AT12: 48.463364 | AU12: 49.063795 | AV12: 49.063795 | AW12: 49.36401 | AX12: 49.36401 | AY12: 49.678522 | AZ12: 49.678522 | BA12: 49.993033 | BB12: 49.993033 | BC12: 50.307545 | BD12: 50.307545 | BE12: 50.950864 | BF12: 50.950864 | BG12: 51.279671 | BH12: 51.279671 | BI12: 51.608479 | BJ12: 51.608479 | BK12: Regulado | BL12: Não | BM12: Não | BN12: Sim | BO12: Sim | BP12: Não | BQ12: Não | BR12: Doenças Cardiovasculares
A13: GENÉRICOS | B13: 525401001110118 | C13: MERCK S/A | D13: 1008902730070 | E13: BR1007745 | F13: 7891721277450 | G13: BESILATO DE ANLODIPINO | H13: 10 MG COM CT BL AL PLAS PVC/PVDC OPC X 30 | I13: BESILATO DE ANLODIPINO | J13: Positiva | K13: 45.506927 | L13: 46.059654 | M13: 52.344759 | N13: 52.344759 | O13: 55.497683 | P13: 55.497683 | Q13: 55.82957 | R13: 55.82957 | S13: 56.171828 | T13: 56.171828 | U13: 56.866716 | V13: 56.866716 | W13: 57.219345 | X13: 57.219345 | Y13: 57.571975 | Z13: 57.571975 | AA13: 57.934976 | AB13: 57.934976 | AC13: 58.308348 | AD13: 58.308348 | AE13: 59.055094 | AF13: 59.055094 | AG13: 59.428466 | AH13: 59.428466 | AI13: 59.822582 | AJ13: 59.822582 | AK13: 62.726559 | AL13: 63.488436 | AM13: 72.151799 | AN13: 72.151799 | AO13: 76.497776 | AP13: 76.497776 | AQ13: 76.955247 | AR13: 76.955247 | AS13: 77.427014 | AT13: 77.427014 | AU13: 78.384845 | AV13: 78.384845 | AW13: 78.870908 | AX13: 78.870908 | AY13: 79.356971 | AZ13: 79.356971 | BA13: 79.85733 | BB13: 79.85733 | BC13: 80.371986 | BD13: 80.371986 | BE13: 81.401296 | BF13: 81.401296 | BG13: 81.915951 | BH13: 81.915951 | BI13: 82.459198 | BJ13: 82.459198 | BK13: Regulado | BL13: Não | BM13: Não | BN13: Não | BO13: Sim | BP13: Não | BQ13: Não | BR13: Doenças Cardiovasculares
A14: CMC&GM | B14: 525401102111411 | C14: MERCK S/A | D14: 1008902010078 | E14: BR1000306 | F14: 7891721002038 | G14: BICONCOR | H14: 2,5 MG / 6,25 MG COM REV CT FR PLAS OPC X 30 | I14: HIDROCLOROTIAZIDA;HEMIFUMARATO DE BISOPROLOL | J14: Positiva | K14: 68.444784 | L14: 69.276114 | M14: 78.723788 | N14: 78.723788 | O14: 83.462978 | P14: 83.462978 | Q14: 83.97477 | R14: 83.97477 | S14: 84.486561 | T14: 84.486561 | U14: 85.530616 | V14: 85.530616 | W14: 86.052644 | X14: 86.052644 | Y14: 86.595143 | Z14: 86.595143 | AA14: 87.137642 | AB14: 87.137642 | AC14: 87.690377 | AD14: 87.690377 | AE14: 88.816319 | AF14: 88.816319 | AG14: 89.389525 | AH14: 89.389525 | AI14: 89.972968 | AJ14: 89.972968 | AK14: 94.344006 | AL14: 95.489909 | AM14: 108.51254 | AN14: 108.51254 | AO14: 115.04502 | AP14: 115.04502 | AQ14: 115.75047 | AR14: 115.75047 | AS14: 116.45593 | AT14: 116.45593 | AU14: 117.89505 | AV14: 117.89505 | AW14: 118.61461 | AX14: 118.61461 | AY14: 119.36239 | AZ14: 119.36239 | BA14: 120.11016 | BB14: 120.11016 | BC14: 120.87205 | BD14: 120.87205 | BE14: 122.42404 | BF14: 122.42404 | BG14: 123.21415 | BH14: 123.21415 | BI14: 124.01837 | BJ14: 124.01837 | BK14: Regulado | BL14: Não | BM14: Não | BN14: Não | BO14: Não | BP14: Não | BQ14: Não | BR14: Doenças Cardiovasculares
A15: CMC&GM | B15: 525401104114418 | C15: MERCK S/A | D15: 1008902010086 | E15: BR1000307 | F15: 7891721002045 | G15: BICONCOR | H15: 5,0 MG / 6,25 MG COM REV CT FR PLAS OPC X 30 | I15: HIDROCLOROTIAZIDA;HEMIFUMARATO DE BISOPROLOL | J15: Positiva | K15: 89.024739 | L15: 90.106033 | M15: 102.38903 | N15: 102.38903 | O15: 108.56124 | P15: 108.56124 | Q15: 109.21633 | R15: 109.21633 | S15: 109.88166 | T15: 109.88166 | U15: 111.24303 | V15: 111.24303 | W15: 111.92883 | X15: 111.92883 | Y15: 112.6351 | Z15: 112.6351 | AA15: 113.34137 | AB15: 113.34137 | AC15: 114.05788 | AD15: 114.05788 | AE15: 115.52161 | AF15: 115.52161 | AG15: 116.26882 | AH15: 116.26882 | AI15: 117.01604 | AJ15: 117.01604 | AK15: 122.71133 | AL15: 124.20178 | AM15: 141.13262 | AN15: 141.13262 | AO15: 149.64036 | AP15: 149.64036 | AQ15: 150.54334 | AR15: 150.54334 | AS15: 151.46043 | AT15: 151.46043 | AU15: 153.33693 | AV15: 153.33693 | AW15: 154.28223 | AX15: 154.28223 | AY15: 155.25576 | AZ15: 155.25576 | BA15: 156.22928 | BB15: 156.22928 | BC15: 157.21691 | BD15: 157.21691 | BE15: 159.2345 | BF15: 159.2345 | BG15: 160.26446 | BH15: 160.26446 | BI15: 161.29442 | BJ15: 161.29442 | BK15: Regulado | BL15: Não | BM15: Não | BN15: Não | BO15: Não | BP15: Não | BQ15: Não | BR15: Doenças Cardiovasculares
A16: CMC&GM | B16: 525422060053403 | C16: MERCK S/A | D16: 1008902010140 | E16: 3193060013 | F16: 7891721202506 | G16: BICONCOR | H16: 2,5 MG + 6,25 MG COM REV CT BL AL AL X 30 | I16: HIDROCLOROTIAZIDA;HEMIFUMARATO DE BISOPROLOL | J16: Positiva | K16: 68.444784 | L16: 69.276114 | M16: 78.723788 | N16: 78.723788 | O16: 83.462978 | P16: 83.462978 | Q16: 83.97477 | R16: 83.97477 | S16: 84.486561 | T16: 84.486561 | U16: 85.530616 | V16: 85.530616 | W16: 86.052644 | X16: 86.052644 | Y16: 86.595143 | Z16: 86.595143 | AA16: 87.137642 | AB16: 87.137642 | AC16: 87.690377 | AD16: 87.690377 | AE16: 88.816319 | AF16: 88.816319 | AG16: 89.389525 | AH16: 89.389525 | AI16: 89.972968 | AJ16: 89.972968 | AK16: 94.344006 | AL16: 95.489909 | AM16: 108.51254 | AN16: 108.51254 | AO16: 115.04502 | AP16: 115.04502 | AQ16: 115.75047 | AR16: 115.75047 | AS16: 116.45593 | AT16: 116.45593 | AU16: 117.89505 | AV16: 117.89505 | AW16: 118.61461 | AX16: 118.61461 | AY16: 119.36239 | AZ16: 119.36239 | BA16: 120.11016 | BB16: 120.11016 | BC16: 120.87205 | BD16: 120.87205 | BE16: 122.42404 | BF16: 122.42404 | BG16: 123.21415 | BH16: 123.21415 | BI16: 124.01837 | BJ16: 124.01837 | BK16: Regulado | BL16: Não | BM16: Não | BN16: Não | BO16: Não | BP16: Não | BQ16: Não | BR16: Doenças Cardiovasculares
A17: CMC&GM | B17: 525422060053503 | C17: MERCK S/A | D17: 1008902010167 | E17: 3193060014 | F17: 7891721202513 | G17: BICONCOR | H17: 5,0 MG + 6,25 MG COM REV CT BL AL AL X 30 | I17: HIDROCLOROTIAZIDA;HEMIFUMARATO DE BISOPROLOL | J17: Positiva | K17: 89.024739 | L17: 90.106033 | M17: 102.38903 | N17: 102.38903 | O17: 108.56124 | P17: 108.56124 | Q17: 109.21633 | R17: 109.21633 | S17: 109.88166 | T17: 109.88166 | U17: 111.24303 | V17: 111.24303 | W17: 111.92883 | X17: 111.92883 | Y17: 112.6351 | Z17: 112.6351 | AA17: 113.34137 | AB17: 113.34137 | AC17: 114.05788 | AD17: 114.05788 | AE17: 115.52161 | AF17: 115.52161 | AG17: 116.26882 | AH17: 116.26882 | AI17: 117.01604 | AJ17: 117.01604 | AK17: 122.71133 | AL17: 124.20178 | AM17: 141.13262 | AN17: 141.13262 | AO17: 149.64036 | AP17: 149.64036 | AQ17: 150.54334 | AR17: 150.54334 | AS17: 151.46043 | AT17: 151.46043 | AU17: 153.33693 | AV17: 153.33693 | AW17: 154.28223 | AX17: 154.28223 | AY17: 155.25576 | AZ17: 155.25576 | BA17: 156.22928 | BB17: 156.22928 | BC17: 157.21691 | BD17: 157.21691 | BE17: 159.2345 | BF17: 159.2345 | BG17: 160.26446 | BH17: 160.26446 | BI17: 161.29442 | BJ17: 161.29442 | BK17: Regulado | BL17: Não | BM17: Não | BN17: Não | BO17: Não | BP17: Não | BQ17: Não | BR17: Doenças Cardiovasculares
A18: BIOTECH | B18: 525421701150311 | C18: MERCK S/A | D18: 1008903690013 | E18: F55A12A1 | F18: 7891721022548 | G18: CETROTIDE | H18: 0,25 MG PO LIOF INJ CT FA VD TRANS + 1 SER DIL + 2 AGULHAS + 2 TOALHAS | I18: ACETATO DE CETRORRELIX | J18: Positiva | K18: 261.55252 | L18: 264.72934 | M18: 300.83112 | N18: 300.83112 | O18: 318.94854 | P18: 318.94854 | Q18: 320.88311 | R18: 320.88311 | S18: 322.83816 | T18: 322.83816 | U18: 326.83013 | V18: 326.83013 | W18: 328.85683 | X18: 328.85683 | Y18: 330.91423 | Z18: 330.91423 | AA18: 332.9921 | AB18: 332.9921 | AC18: 335.10068 | AD18: 335.10068 | AE18: 339.39973 | AF18: 339.39973 | AG18: 341.5902 | AH18: 341.5902 | AI18: 343.80114 | AJ18: 343.80114 | AK18: 360.52291 | AL18: 364.90182 | AM18: 414.66436 | AN18: 414.66436 | AO18: 439.63734 | AP18: 439.63734 | AQ18: 442.30395 | AR18: 442.30395 | AS18: 444.99878 | AT18: 444.99878 | AU18: 450.5013 | AV18: 450.5013 | AW18: 453.29489 | AX18: 453.29489 | AY18: 456.1308 | AZ18: 456.1308 | BA18: 458.99493 | BB18: 458.99493 | BC18: 461.90139 | BD18: 461.90139 | BE18: 467.82718 | BF18: 467.82718 | BG18: 470.84652 | BH18: 470.84652 | BI18: 473.89407 | BJ18: 473.89407 | BK18: Regulado | BL18: Não | BM18: Não | BN18: Não | BO18: Não | BP18: Não | BQ18: Não | BR18: Náo se Aplica
A19: CMC&GM | B19: 525402501117411 | C19: MERCK S/A | D19: 1008902540042 | E19: BR1001108 | F19: 7891721003042 | G19: CLINFAR | H19: 10 MG COM REV CT BL AL PLAS TRANS X 30 | I19: SINVASTATINA | J19: Positiva | K19: 18.644276 | L19: 18.870729 | M19: 21.444966 | N19: 21.444966 | O19: 22.737338 | P19: 22.737338 | Q19: 22.87393 | R19: 22.87393 | S19: 23.010522 | T19: 23.010522 | U19: 23.294213 | V19: 23.294213 | W19: 23.441312 | X19: 23.441312 | Y19: 23.588412 | Z19: 23.588412 | AA19: 23.735511 | AB19: 23.735511 | AC19: 23.88261 | AD19: 23.88261 | AE19: 24.197823 | AF19: 24.197823 | AG19: 24.344922 | AH19: 24.344922 | AI19: 24.502528 | AJ19: 24.502528 | AK19: 25.699193 | AL19: 26.011335 | AM19: 29.559652 | AN19: 29.559652 | AO19: 31.341052 | AP19: 31.341052 | AQ19: 31.52933 | AR19: 31.52933 | AS19: 31.717608 | AT19: 31.717608 | AU19: 32.108647 | AV19: 32.108647 | AW19: 32.311408 | AX19: 32.311408 | AY19: 32.514169 | AZ19: 32.514169 | BA19: 32.71693 | BB19: 32.71693 | BC19: 32.919691 | BD19: 32.919691 | BE19: 33.354179 | BF19: 33.354179 | BG19: 33.55694 | BH19: 33.55694 | BI19: 33.774183 | BJ19: 33.774183 | BK19: Regulado | BL19: Sim | BM19: Não | BN19: Sim | BO19: Não | BP19: Não | BQ19: Não | BR19: Doenças Cardiovasculares
A20: CMC&GM | B20: 525402504116416 | C20: MERCK S/A | D20: 1008902540077 | E20: BR1001116 | F20: 7891721012884 | G20: CLINFAR | H20: 20 MG COM REV CT BL AL PLAS TRANS X 30 | I20: SINVASTATINA | J20: Positiva | K20: 35.679497 | L20: 36.11286 | M20: 41.040684 | N20: 41.040684 | O20: 43.50985 | P20: 43.50985 | Q20: 43.772527 | R20: 43.772527 | S20: 44.035204 | T20: 44.035204 | U20: 44.581573 | V20: 44.581573 | W20: 44.865264 | X20: 44.865264 | Y20: 45.138448 | Z20: 45.138448 | AA20: 45.42214 | AB20: 45.42214 | AC20: 45.716338 | AD20: 45.716338 | AE20: 46.294228 | AF20: 46.294228 | AG20: 46.598934 | AH20: 46.598934 | AI20: 46.903639 | AJ20: 46.903639 | AK20: 49.180471 | AL20: 49.777817 | AM20: 56.570309 | AN20: 56.570309 | AO20: 59.973797 | AP20: 59.973797 | AQ20: 60.33587 | AR20: 60.33587 | AS20: 60.697943 | AT20: 60.697943 | AU20: 61.451055 | AV20: 61.451055 | AW20: 61.842094 | AX20: 61.842094 | AY20: 62.21865 | AZ20: 62.21865 | BA20: 62.609689 | BB20: 62.609689 | BC20: 63.015211 | BD20: 63.015211 | BE20: 63.811772 | BF20: 63.811772 | BG20: 64.231777 | BH20: 64.231777 | BI20: 64.651782 | BJ20: 64.651782 | BK20: Regulado | BL20: Sim | BM20: Não | BN20: Sim | BO20: Não | BP20: Não | BQ20: Não | BR20: Doenças Cardiovasculares
A21: CMC&GM | B21: 525402508111419 | C21: MERCK S/A | D21: 1008902540093 | E21: BR1001119 | F21: 7891721016165 | G21: CLINFAR | H21: 40 MG COM REV CT BL AL PLAS TRANS X 30 | I21: SINVASTATINA | J21: Positiva | K21: 72.293284 | L21: 73.171358 | M21: 83.153091 | N21: 83.153091 | O21: 88.154465 | P21: 88.154465 | Q21: 88.690327 | R21: 88.690327 | S21: 89.236695 | T21: 89.236695 | U21: 90.339939 | V21: 90.339939 | W21: 90.896815 | X21: 90.896815 | Y21: 91.464198 | Z21: 91.464198 | AA21: 92.042088 | AB21: 92.042088 | AC21: 92.619977 | AD21: 92.619977 | AE21: 93.807278 | AF21: 93.807278 | AG21: 94.416689 | AH21: 94.416689 | AI21: 95.0261 | AJ21: 95.0261 | AK21: 99.648763 | AL21: 100.8591 | AM21: 114.61788 | AN21: 114.61788 | AO21: 121.51175 | AP21: 121.51175 | AQ21: 122.25038 | AR21: 122.25038 | AS21: 123.00349 | AT21: 123.00349 | AU21: 124.5242 | AV21: 124.5242 | AW21: 125.29179 | AX21: 125.29179 | AY21: 126.07387 | AZ21: 126.07387 | BA21: 126.87043 | BB21: 126.87043 | BC21: 127.66699 | BD21: 127.66699 | BE21: 129.30356 | BF21: 129.30356 | BG21: 130.14357 | BH21: 130.14357 | BI21: 130.98358 | BJ21: 130.98358 | BK21: Regulado | BL21: Sim | BM21: Não | BN21: Sim | BO21: Não | BP21: Não | BQ21: Não | BR21: Doenças Cardiovasculares
A22: GENÉRICOS | B22: 525415070045706 | C22: MERCK S/A | D22: 1008903790034 | E22: 3227880001 | F22: 7891721022722 | G22: CLORIDRATO DE METFORMINA | H22: 500 MG COM LIB PROL CT BL AL PLAS TRANS X 30 | I22: CLORIDRATO DE METFORMINA | J22: Positiva | K22: 8.120739 | L22: 8.2193735 | M22: 9.3453151 | N22: 9.3453151 | O22: 9.89805 | P22: 9.89805 | Q22: 9.959465 | R22: 9.959465 | S22: 10.02088 | T22: 10.02088 | U22: 10.14371 | V22: 10.14371 | W22: 10.215361 | X22: 10.215361 | Y22: 10.276776 | Z22: 10.276776 | AA22: 10.338191 | AB22: 10.338191 | AC22: 10.399606 | AD22: 10.399606 | AE22: 10.532672 | AF22: 10.532672 | AG22: 10.604322 | AH22: 10.604322 | AI22: 10.675973 | AJ22: 10.675973 | AK22: 11.193593 | AL22: 11.32955 | AM22: 12.881544 | AN22: 12.881544 | AO22: 13.643431 | AP22: 13.643431 | AQ22: 13.728085 | AR22: 13.728085 | AS22: 13.812739 | AT22: 13.812739 | AU22: 13.982048 | AV22: 13.982048 | AW22: 14.080811 | AX22: 14.080811 | AY22: 14.165465 | AZ22: 14.165465 | BA22: 14.250119 | BB22: 14.250119 | BC22: 14.334774 | BD22: 14.334774 | BE22: 14.518191 | BF22: 14.518191 | BG22: 14.616954 | BH22: 14.616954 | BI22: 14.715717 | BJ22: 14.715717 | BK22: Regulado | BL22: Sim | BM22: Não | BN22: Sim | BO22: Não | BP22: Não | BQ22: Não | BR22: Diabetes
A23: GENÉRICOS | B23: 525415070045706 | C23: MERCK S/A | D23: 1008903790034 | E23: 3554330001 | F23: 7891721201783 | G23: CLORIDRATO DE METFORMINA | H23: 500 MG COM LIB PROL CT BL AL PLAS TRANS X 30 | I23: CLORIDRATO DE METFORMINA | J23: Positiva | K23: 8.120739 | L23: 8.2193735 | M23: 9.3453151 | N23: 9.3453151 | O23: 9.89805 | P23: 9.89805 | Q23: 9.959465 | R23: 9.959465 | S23: 10.02088 | T23: 10.02088 | U23: 10.14371 | V23: 10.14371 | W23: 10.215361 | X23: 10.215361 | Y23: 10.276776 | Z23: 10.276776 | AA23: 10.338191 | AB23: 10.338191 | AC23: 10.399606 | AD23: 10.399606 | AE23: 10.532672 | AF23: 10.532672 | AG23: 10.604322 | AH23: 10.604322 | AI23: 10.675973 | AJ23: 10.675973 | AK23: 11.193593 | AL23: 11.32955 | AM23: 12.881544 | AN23: 12.881544 | AO23: 13.643431 | AP23: 13.643431 | AQ23: 13.728085 | AR23: 13.728085 | AS23: 13.812739 | AT23: 13.812739 | AU23: 13.982048 | AV23: 13.982048 | AW23: 14.080811 | AX23: 14.080811 | AY23: 14.165465 | AZ23: 14.165465 | BA23: 14.250119 | BB23: 14.250119 | BC23: 14.334774 | BD23: 14.334774 | BE23: 14.518191 | BF23: 14.518191 | BG23: 14.616954 | BH23: 14.616954 | BI23: 14.715717 | BJ23: 14.715717 | BK23: Regulado | BL23: Sim | BM23: Não | BN23: Sim | BO23: Não | BP23: Não | BQ23: Não | BR23: Diabetes
A24: GENÉRICOS | B24: 525415070045806 | C24: MERCK S/A | D24: 1008903790123 | E24: 3227900001 | F24: 7891721025334 | G24: CLORIDRATO DE METFORMINA | H24: 750 MG COM LIB PROL CT BL AL PLAS TRANS X 30 | I24: CLORIDRATO DE METFORMINA | J24: Positiva | K24: 16.110009 | L24: 16.305681 | M24: 18.526857 | N24: 18.526857 | O24: 19.642563 | P24: 19.642563 | Q24: 19.765393 | R24: 19.765393 | S24: 19.888223 | T24: 19.888223 | U24: 20.133883 | V24: 20.133883 | W24: 20.256713 | X24: 20.256713 | Y24: 20.379543 | Z24: 20.379543 | AA24: 20.512608 | AB24: 20.512608 | AC24: 20.635438 | AD24: 20.635438 | AE24: 20.90157 | AF24: 20.90157 | AG24: 21.034636 | AH24: 21.034636 | AI24: 21.177937 | AJ24: 21.177937 | AK24: 22.20597 | AL24: 22.475683 | AM24: 25.537343 | AN24: 25.537343 | AO24: 27.075227 | AP24: 27.075227 | AQ24: 27.244535 | AR24: 27.244535 | AS24: 27.413843 | AT24: 27.413843 | AU24: 27.75246 | AV24: 27.75246 | AW24: 27.921768 | AX24: 27.921768 | AY24: 28.091077 | AZ24: 28.091077 | BA24: 28.274494 | BB24: 28.274494 | BC24: 28.443803 | BD24: 28.443803 | BE24: 28.810637 | BF24: 28.810637 | BG24: 28.994055 | BH24: 28.994055 | BI24: 29.191581 | BJ24: 29.191581 | BK24: Regulado | BL24: Não | BM24: Não | BN24: Não | BO24: Não | BP24: Não | BQ24: Não | BR24: Diabetes
A25: GENÉRICOS | B25: 525402603114111 | C25: MERCK S/A | D25: 1008902750012 | E25: BR1008050 | F25: 7891721027406 | G25: CLORIDRATO DE METFORMINA | H25: 850 MG COM REV CT BL AL PLAS TRANS X 30 | I25: CLORIDRATO DE METFORMINA | J25: Positiva | K25: 15.452664 | L25: 15.640352 | M25: 17.769405 | N25: 17.769405 | O25: 18.844168 | P25: 18.844168 | Q25: 18.956762 | R25: 18.956762 | S25: 19.069356 | T25: 19.069356 | U25: 19.30478 | V25: 19.30478 | W25: 19.42761 | X25: 19.42761 | Y25: 19.55044 | Z25: 19.55044 | AA25: 19.67327 | AB25: 19.67327 | AC25: 19.7961 | AD25: 19.7961 | AE25: 20.051996 | AF25: 20.051996 | AG25: 20.185062 | AH25: 20.185062 | AI25: 20.307892 | AJ25: 20.307892 | AK25: 21.299888 | AL25: 21.558596 | AM25: 24.493274 | AN25: 24.493274 | AO25: 25.974722 | AP25: 25.974722 | AQ25: 26.129922 | AR25: 26.129922 | AS25: 26.285121 | AT25: 26.285121 | AU25: 26.609629 | AV25: 26.609629 | AW25: 26.778937 | AX25: 26.778937 | AY25: 26.948245 | AZ25: 26.948245 | BA25: 27.117554 | BB25: 27.117554 | BC25: 27.286862 | BD25: 27.286862 | BE25: 27.639588 | BF25: 27.639588 | BG25: 27.823005 | BH25: 27.823005 | BI25: 27.992314 | BJ25: 27.992314 | BK25: Regulado | BL25: Sim | BM25: Não | BN25: Sim | BO25: Não | BP25: Não | BQ25: Não | BR25: Diabetes
A26: GENÉRICOS | B26: 525417100049006 | C26: MERCK S/A | D26: 1008903790182 | E26: 3227910001 | F26: 7891721028731 | G26: CLORIDRATO DE METFORMINA | H26: 1 G COM LIB PROL CT BL AL PLAS TRANS X 30 | I26: CLORIDRATO DE METFORMINA | J26: Positiva | K26: 20.175435 | L26: 20.420486 | M26: 23.204632 | N26: 23.204632 | O26: 24.606941 | P26: 24.606941 | Q26: 24.750243 | R26: 24.750243 | S26: 24.90378 | T26: 24.90378 | U26: 25.210855 | V26: 25.210855 | W26: 25.364393 | X26: 25.364393 | Y26: 25.528166 | Z26: 25.528166 | AA26: 25.681704 | AB26: 25.681704 | AC26: 25.845477 | AD26: 25.845477 | AE26: 26.18326 | AF26: 26.18326 | AG26: 26.347033 | AH26: 26.347033 | AI26: 26.521042 | AJ26: 26.521042 | AK26: 27.809736 | AL26: 28.147513 | AM26: 31.985169 | AN26: 31.985169 | AO26: 33.918106 | AP26: 33.918106 | AQ26: 34.115632 | AR26: 34.115632 | AS26: 34.327268 | AT26: 34.327268 | AU26: 34.750539 | AV26: 34.750539 | AW26: 34.962174 | AX26: 34.962174 | AY26: 35.187918 | AZ26: 35.187918 | BA26: 35.399554 | BB26: 35.399554 | BC26: 35.625298 | BD26: 35.625298 | BE26: 36.090896 | BF26: 36.090896 | BG26: 36.316641 | BH26: 36.316641 | BI26: 36.556494 | BJ26: 36.556494 | BK26: Regulado | BL26: Não | BM26: Não | BN26: Não | BO26: Não | BP26: Não | BQ26: Não | BR26: Diabetes
A27: GENÉRICOS | B27: 525402602118111 | C27: MERCK S/A | D27: 1008902750020 | E27: BR1003812 | F27: 7891721238123 | G27: CLORIDRATO DE METFORMINA | H27: 500 MG COM REV CT BL AL PLAS TRANS X 30 | I27: CLORIDRATO DE METFORMINA | J27: Positiva | K27: 11.367012 | L27: 11.505076 | M27: 13.071158 | N27: 13.071158 | O27: 13.859317 | P27: 13.859317 | Q27: 13.941204 | R27: 13.941204 | S27: 14.033326 | T27: 14.033326 | U27: 14.207336 | V27: 14.207336 | W27: 14.289222 | X27: 14.289222 | Y27: 14.381345 | Z27: 14.381345 | AA27: 14.473467 | AB27: 14.473467 | AC27: 14.56559 | AD27: 14.56559 | AE27: 14.749835 | AF27: 14.749835 | AG27: 14.841957 | AH27: 14.841957 | AI27: 14.944315 | AJ27: 14.944315 | AK27: 15.668242 | AL27: 15.858549 | AM27: 18.01723 | AN27: 18.01723 | AO27: 19.103625 | AP27: 19.103625 | AQ27: 19.216498 | AR27: 19.216498 | AS27: 19.343479 | AT27: 19.343479 | AU27: 19.583332 | AV27: 19.583332 | AW27: 19.696205 | AX27: 19.696205 | AY27: 19.823186 | AZ27: 19.823186 | BA27: 19.950167 | BB27: 19.950167 | BC27: 20.077148 | BD27: 20.077148 | BE27: 20.331111 | BF27: 20.331111 | BG27: 20.458092 | BH27: 20.458092 | BI27: 20.599182 | BJ27: 20.599182 | BK27: Regulado | BL27: Não | BM27: Não | BN27: Sim | BO27: Não | BP27: Não | BQ27: Não | BR27: Diabetes
A28: GENÉRICOS | B28: 525402601111113 | C28: MERCK S/A | D28: 1008902750039 | E28: BR1003823 | F28: 7891721238239 | G28: CLORIDRATO DE METFORMINA | H28: 500 MG COM REV CT BL AL PLAS TRANS X 60 | I28: CLORIDRATO DE METFORMINA | J28: Positiva | K28: 21.156396 | L28: 21.413362 | M28: 24.330574 | N28: 24.330574 | O28: 25.794298 | P28: 25.794298 | Q28: 25.958071 | R28: 25.958071 | S28: 26.111609 | T28: 26.111609 | U28: 26.439155 | V28: 26.439155 | W28: 26.602929 | X28: 26.602929 | Y28: 26.766702 | Z28: 26.766702 | AA28: 26.930475 | AB28: 26.930475 | AC28: 27.104484 | AD28: 27.104484 | AE28: 27.452503 | AF28: 27.452503 | AG28: 27.626512 | AH28: 27.626512 | AI28: 27.810757 | AJ28: 27.810757 | AK28: 29.161888 | AL28: 29.516089 | AM28: 33.537162 | AN28: 33.537162 | AO28: 35.554753 | AP28: 35.554753 | AQ28: 35.780498 | AR28: 35.780498 | AS28: 35.992133 | AT28: 35.992133 | AU28: 36.443622 | AV28: 36.443622 | AW28: 36.669366 | AX28: 36.669366 | AY28: 36.895111 | AZ28: 36.895111 | BA28: 37.120855 | BB28: 37.120855 | BC28: 37.360709 | BD28: 37.360709 | BE28: 37.840416 | BF28: 37.840416 | BG28: 38.080269 | BH28: 38.080269 | BI28: 38.334232 | BJ28: 38.334232 | BK28: Regulado | BL28: Não | BM28: Não | BN28: Sim | BO28: Não | BP28: Não | BQ28: Não | BR28: Diabetes
A29: GENÉRICOS | B29: 525402601111113 | C29: MERCK S/A | D29: 1008902750039 | E29: 3377970001 | F29: 7891721029745 | G29: CLORIDRATO DE METFORMINA | H29: 500 MG COM REV CT BL AL PLAS TRANS X 60 | I29: CLORIDRATO DE METFORMINA | J29: Positiva | K29: 21.156396 | L29: 21.413362 | M29: 24.330574 | N29: 24.330574 | O29: 25.794298 | P29: 25.794298 | Q29: 25.958071 | R29: 25.958071 | S29: 26.111609 | T29: 26.111609 | U29: 26.439155 | V29: 26.439155 | W29: 26.602929 | X29: 26.602929 | Y29: 26.766702 | Z29: 26.766702 | AA29: 26.930475 | AB29: 26.930475 | AC29: 27.104484 | AD29: 27.104484 | AE29: 27.452503 | AF29: 27.452503 | AG29: 27.626512 | AH29: 27.626512 | AI29: 27.810757 | AJ29: 27.810757 | AK29: 29.161888 | AL29: 29.516089 | AM29: 33.537162 | AN29: 33.537162 | AO29: 35.554753 | AP29: 35.554753 | AQ29: 35.780498 | AR29: 35.780498 | AS29: 35.992133 | AT29: 35.992133 | AU29: 36.443622 | AV29: 36.443622 | AW29: 36.669366 | AX29: 36.669366 | AY29: 36.895111 | AZ29: 36.895111 | BA29: 37.120855 | BB29: 37.120855 | BC29: 37.360709 | BD29: 37.360709 | BE29: 37.840416 | BF29: 37.840416 | BG29: 38.080269 | BH29: 38.080269 | BI29: 38.334232 | BJ29: 38.334232 | BK29: Regulado | BL29: Não | BM29: Não | BN29: Sim | BO29: Não | BP29: Não | BQ29: Não | BR29: Diabetes
A30: GENÉRICOS | B30: 525402604110118 | C30: MERCK S/A | D30: 1008902750055 | E30: BR1003824 | F30: 7891721238246 | G30: CLORIDRATO DE METFORMINA | H30: 850 MG COM REV CT BL AL PLAS TRANS X 60 | I30: CLORIDRATO DE METFORMINA | J30: Positiva | K30: 28.751259 | L30: 29.100472 | M30: 33.071975 | N30: 33.071975 | O30: 35.057726 | P30: 35.057726 | Q30: 35.272679 | R30: 35.272679 | S30: 35.487631 | T30: 35.487631 | U30: 35.927772 | V30: 35.927772 | W30: 36.15296 | X30: 36.15296 | Y30: 36.378149 | Z30: 36.378149 | AA30: 36.603337 | AB30: 36.603337 | AC30: 36.838761 | AD30: 36.838761 | AE30: 37.309609 | AF30: 37.309609 | AG30: 37.545034 | AH30: 37.545034 | AI30: 37.790694 | AJ30: 37.790694 | AK30: 39.630616 | AL30: 40.11197 | AM30: 45.586273 | AN30: 45.586273 | AO30: 48.323424 | AP30: 48.323424 | AQ30: 48.619714 | AR30: 48.619714 | AS30: 48.916004 | AT30: 48.916004 | AU30: 49.522692 | AV30: 49.522692 | AW30: 49.833091 | AX30: 49.833091 | AY30: 50.143489 | AZ30: 50.143489 | BA30: 50.453888 | BB30: 50.453888 | BC30: 50.778396 | BD30: 50.778396 | BE30: 51.427411 | BF30: 51.427411 | BG30: 51.751919 | BH30: 51.751919 | BI30: 52.090535 | BJ30: 52.090535 | BK30: Regulado | BL30: Sim | BM30: Não | BN30: Sim | BO30: Não | BP30: Não | BQ30: Não | BR30: Diabetes
A31: GENÉRICOS | B31: 525402604110118 | C31: MERCK S/A | D31: 1008902750055 | E31: 3377770001 | F31: 7891721029752 | G31: CLORIDRATO DE METFORMINA | H31: 850 MG COM REV CT BL AL PLAS TRANS X 60 | I31: CLORIDRATO DE METFORMINA | J31: Positiva | K31: 28.751259 | L31: 29.100472 | M31: 33.071975 | N31: 33.071975 | O31: 35.057726 | P31: 35.057726 | Q31: 35.272679 | R31: 35.272679 | S31: 35.487631 | T31: 35.487631 | U31: 35.927772 | V31: 35.927772 | W31: 36.15296 | X31: 36.15296 | Y31: 36.378149 | Z31: 36.378149 | AA31: 36.603337 | AB31: 36.603337 | AC31: 36.838761 | AD31: 36.838761 | AE31: 37.309609 | AF31: 37.309609 | AG31: 37.545034 | AH31: 37.545034 | AI31: 37.790694 | AJ31: 37.790694 | AK31: 39.630616 | AL31: 40.11197 | AM31: 45.586273 | AN31: 45.586273 | AO31: 48.323424 | AP31: 48.323424 | AQ31: 48.619714 | AR31: 48.619714 | AS31: 48.916004 | AT31: 48.916004 | AU31: 49.522692 | AV31: 49.522692 | AW31: 49.833091 | AX31: 49.833091 | AY31: 50.143489 | AZ31: 50.143489 | BA31: 50.453888 | BB31: 50.453888 | BC31: 50.778396 | BD31: 50.778396 | BE31: 51.427411 | BF31: 51.427411 | BG31: 51.751919 | BH31: 51.751919 | BI31: 52.090535 | BJ31: 52.090535 | BK31: Regulado | BL31: Sim | BM31: Não | BN31: Sim | BO31: Não | BP31: Não | BQ31: Não | BR31: Diabetes
A32: GENÉRICOS | B32: 525402605117108 | C32: MERCK S/A | D32: 1008902750063 | E32: BR1003825 | F32: 7891721238253 | G32: CLORIDRATO DE METFORMINA | H32: 1G COM REV CT BL AL PLAS TRANS X 30 | I32: CLORIDRATO DE METFORMINA | J32: Positiva | K32: 21.2373 | L32: 21.495248 | M32: 24.422696 | N32: 24.422696 | O32: 25.896656 | P32: 25.896656 | Q32: 26.050194 | R32: 26.050194 | S32: 26.213967 | T32: 26.213967 | U32: 26.541514 | V32: 26.541514 | W32: 26.705287 | X32: 26.705287 | Y32: 26.86906 | Z32: 26.86906 | AA32: 27.043069 | AB32: 27.043069 | AC32: 27.206843 | AD32: 27.206843 | AE32: 27.554861 | AF32: 27.554861 | AG32: 27.739106 | AH32: 27.739106 | AI32: 27.913115 | AJ32: 27.913115 | AK32: 29.273406 | AL32: 29.628961 | AM32: 33.664143 | AN32: 33.664143 | AO32: 35.695843 | AP32: 35.695843 | AQ32: 35.907479 | AR32: 35.907479 | AS32: 36.133223 | AT32: 36.133223 | AU32: 36.584712 | AV32: 36.584712 | AW32: 36.810457 | AX32: 36.810457 | AY32: 37.036201 | AZ32: 37.036201 | BA32: 37.276055 | BB32: 37.276055 | BC32: 37.501799 | BD32: 37.501799 | BE32: 37.981506 | BF32: 37.981506 | BG32: 38.235469 | BH32: 38.235469 | BI32: 38.475322 | BJ32: 38.475322 | BK32: Regulado | BL32: Não | BM32: Não | BN32: Não | BO32: Não | BP32: Não | BQ32: Não | BR32: Diabetes
A33: GENÉRICOS | B33: 525415070045706 | C33: MERCK S/A | D33: 1008903790034 | E33: 3554330001 | F33: 7891721201783 | G33: CLORIDRATO DE METFORMINA | H33: 500 MG COM LIB PROL CT BL AL PLAS TRANS X 30 | I33: CLORIDRATO DE METFORMINA | J33: Positiva | K33: 8.120739 | L33: 8.2193735 | M33: 9.3453151 | N33: 9.3453151 | O33: 9.89805 | P33: 9.89805 | Q33: 9.959465 | R33: 9.959465 | S33: 10.02088 | T33: 10.02088 | U33: 10.14371 | V33: 10.14371 | W33: 10.215361 | X33: 10.215361 | Y33: 10.276776 | Z33: 10.276776 | AA33: 10.338191 | AB33: 10.338191 | AC33: 10.399606 | AD33: 10.399606 | AE33: 10.532672 | AF33: 10.532672 | AG33: 10.604322 | AH33: 10.604322 | AI33: 10.675973 | AJ33: 10.675973 | AK33: 11.193593 | AL33: 11.32955 | AM33: 12.881544 | AN33: 12.881544 | AO33: 13.643431 | AP33: 13.643431 | AQ33: 13.728085 | AR33: 13.728085 | AS33: 13.812739 | AT33: 13.812739 | AU33: 13.982048 | AV33: 13.982048 | AW33: 14.080811 | AX33: 14.080811 | AY33: 14.165465 | AZ33: 14.165465 | BA33: 14.250119 | BB33: 14.250119 | BC33: 14.334774 | BD33: 14.334774 | BE33: 14.518191 | BF33: 14.518191 | BG33: 14.616954 | BH33: 14.616954 | BI33: 14.715717 | BJ33: 14.715717 | BK33: Regulado | BL33: Sim | BM33: Não | BN33: Sim | BO33: Não | BP33: Não | BQ33: Não | BR33: Diabetes
A34: GENÉRICOS | B34: 525402801110110 | C34: MERCK S/A | D34: 1008902810023 | E34: BR1007111 | F34: 7891721023521 | G34: CLORIDRATO DE SOTALOL | H34: 160 MG COM CT FR PLAS OPC X 30 | I34: CLORIDRATO DE SOTALOL | J34: Positiva | K34: 70.341656 | L34: 71.196026 | M34: 80.904575 | N34: 80.904575 | O34: 85.779863 | P34: 85.779863 | Q34: 86.294711 | R34: 86.294711 | S34: 86.820065 | T34: 86.820065 | U34: 87.891788 | V34: 87.891788 | W34: 88.438157 | X34: 88.438157 | Y34: 88.995032 | Z34: 88.995032 | AA34: 89.551908 | AB34: 89.551908 | AC34: 90.119291 | AD34: 90.119291 | AE34: 91.27507 | AF34: 91.27507 | AG34: 91.863467 | AH34: 91.863467 | AI34: 92.462371 | AJ34: 92.462371 | AK34: 96.958647 | AL34: 98.136306 | AM34: 111.51853 | AN34: 111.51853 | AO34: 118.23861 | AP34: 118.23861 | AQ34: 118.94827 | AR34: 118.94827 | AS34: 119.67242 | AT34: 119.67242 | AU34: 121.14968 | AV34: 121.14968 | AW34: 121.90279 | AX34: 121.90279 | AY34: 122.67038 | AZ34: 122.67038 | BA34: 123.43798 | BB34: 123.43798 | BC34: 124.22006 | BD34: 124.22006 | BE34: 125.81318 | BF34: 125.81318 | BG34: 126.62422 | BH34: 126.62422 | BI34: 127.44975 | BJ34: 127.44975 | BK34: Regulado | BL34: Não | BM34: Não | BN34: Não | BO34: Não | BP34: Não | BQ34: Não | BR34: Doenças Cardiovasculares
A35: GENÉRICOS | B35: 525421070052804 | C35: MERCK S/A | D35: 1008902810041 | E35: 3714150001 | F35: 7891721202377 | G35: CLORIDRATO DE SOTALOL | H35: 160 MG COM CT BL AL PLAS PVC/PVDC TRANS X 30 | I35: CLORIDRATO DE SOTALOL | J35: Positiva | K35: 70.341656 | L35: 71.196026 | M35: 80.904575 | N35: 80.904575 | O35: 85.779863 | P35: 85.779863 | Q35: 86.294711 | R35: 86.294711 | S35: 86.820065 | T35: 86.820065 | U35: 87.891788 | V35: 87.891788 | W35: 88.438157 | X35: 88.438157 | Y35: 88.995032 | Z35: 88.995032 | AA35: 89.551908 | AB35: 89.551908 | AC35: 90.119291 | AD35: 90.119291 | AE35: 91.27507 | AF35: 91.27507 | AG35: 91.863467 | AH35: 91.863467 | AI35: 92.462371 | AJ35: 92.462371 | AK35: 96.958647 | AL35: 98.136306 | AM35: 111.51853 | AN35: 111.51853 | AO35: 118.23861 | AP35: 118.23861 | AQ35: 118.94827 | AR35: 118.94827 | AS35: 119.67242 | AT35: 119.67242 | AU35: 121.14968 | AV35: 121.14968 | AW35: 121.90279 | AX35: 121.90279 | AY35: 122.67038 | AZ35: 122.67038 | BA35: 123.43798 | BB35: 123.43798 | BC35: 124.22006 | BD35: 124.22006 | BE35: 125.81318 | BF35: 125.81318 | BG35: 126.62422 | BH35: 126.62422 | BI35: 127.44975 | BJ35: 127.44975 | BK35: Regulado | BL35: Não | BM35: Não | BN35: Não | BO35: Não | BP35: Não | BQ35: Não | BR35: Doenças Cardiovasculares
A36: CMC&GM | B36: 525416060047403 | C36: MERCK S/A | D36: 1008901940446 | E36: 3191260003 | F36: 7891721024917 | G36: CONCOR | H36: 1,25 MG COM REV CT BL AL AL X 20 | I36: HEMIFUMARATO DE BISOPROLOL | J36: Positiva | K36: 54.91549 | L36: 55.582494 | M36: 63.158104 | N36: 63.158104 | O36: 66.961669 | P36: 66.961669 | Q36: 67.371446 | R36: 67.371446 | S36: 67.781222 | T36: 67.781222 | U36: 68.621789 | V36: 68.621789 | W36: 69.042073 | X36: 69.042073 | Y36: 69.48337 | Z36: 69.48337 | AA36: 69.914161 | AB36: 69.914161 | AC36: 70.355459 | AD36: 70.355459 | AE36: 71.259068 | AF36: 71.259068 | AG36: 71.72138 | AH36: 71.72138 | AI36: 72.183692 | AJ36: 72.183692 | AK36: 75.695284 | AL36: 76.614678 | AM36: 87.056868 | AN36: 87.056868 | AO36: 92.299687 | AP36: 92.299687 | AQ36: 92.864521 | AR36: 92.864521 | AS36: 93.429356 | AT36: 93.429356 | AU36: 94.58799 | AV36: 94.58799 | AW36: 95.167307 | AX36: 95.167307 | AY36: 95.77559 | AZ36: 95.77559 | BA36: 96.369389 | BB36: 96.369389 | BC36: 96.977672 | BD36: 96.977672 | BE36: 98.223204 | BF36: 98.223204 | BG36: 98.860453 | BH36: 98.860453 | BI36: 99.497702 | BJ36: 99.497702 | BK36: Regulado | BL36: Não | BM36: Não | BN36: Não | BO36: Não | BP36: Não | BQ36: Não | BR36: Doenças Cardiovasculares
A37: CMC&GM | B37: 525416060047503 | C37: MERCK S/A | D37: 1008901940454 | E37: 3191260001 | F37: 7891721024924 | G37: CONCOR | H37: 1,25 MG COM REV CT BL AL AL X 30 | I37: HEMIFUMARATO DE BISOPROLOL | J37: Positiva | K37: 47.503456 | L37: 48.080433 | M37: 54.636856 | N37: 54.636856 | O37: 57.925574 | P37: 57.925574 | Q37: 58.282815 | R37: 58.282815 | S37: 58.629549 | T37: 58.629549 | U37: 59.354538 | V37: 59.354538 | W37: 59.722286 | X37: 59.722286 | Y37: 60.100541 | Z37: 60.100541 | AA37: 60.478796 | AB37: 60.478796 | AC37: 60.857052 | AD37: 60.857052 | AE37: 61.645083 | AF37: 61.645083 | AG37: 62.044352 | AH37: 62.044352 | AI37: 62.443622 | AJ37: 62.443622 | AK37: 65.478567 | AL37: 66.273869 | AM37: 75.311215 | AN37: 75.311215 | AO37: 79.844371 | AP37: 79.844371 | AQ37: 80.33679 | AR37: 80.33679 | AS37: 80.814727 | AT37: 80.814727 | AU37: 81.814049 | AV37: 81.814049 | AW37: 82.320951 | AX37: 82.320951 | AY37: 82.842337 | AZ37: 82.842337 | BA37: 83.363722 | BB37: 83.363722 | BC37: 83.885107 | BD37: 83.885107 | BE37: 84.971327 | BF37: 84.971327 | BG37: 85.521678 | BH37: 85.521678 | BI37: 86.072029 | BJ37: 86.072029 | BK37: Regulado | BL37: Não | BM37: Não | BN37: Não | BO37: Não | BP37: Não | BQ37: Não | BR37: Doenças Cardiovasculares
A38: CMC&GM | B38: 525416060047603 | C38: MERCK S/A | D38: 1008901940500 | E38: 3290610001 | F38: 7891721024979 | G38: CONCOR | H38: 2,5 MG COM REV CT BL AL AL X 20 | I38: HEMIFUMARATO DE BISOPROLOL | J38: Positiva | K38: 63.261814 | L38: 64.030192 | M38: 72.761582 | N38: 72.761582 | O38: 77.143037 | P38: 77.143037 | Q38: 77.615856 | R38: 77.615856 | S38: 78.088675 | T38: 78.088675 | U38: 79.04482 | V38: 79.04482 | W38: 79.538653 | X38: 79.538653 | Y38: 80.042994 | Z38: 80.042994 | AA38: 80.536827 | AB38: 80.536827 | AC38: 81.051674 | AD38: 81.051674 | AE38: 82.091876 | AF38: 82.091876 | AG38: 82.61723 | AH38: 82.61723 | AI38: 83.153091 | AJ38: 83.153091 | AK38: 87.199822 | AL38: 88.258951 | AM38: 100.29426 | AN38: 100.29426 | AO38: 106.33364 | AP38: 106.33364 | AQ38: 106.98537 | AR38: 106.98537 | AS38: 107.63711 | AT38: 107.63711 | AU38: 108.95505 | AV38: 108.95505 | AW38: 109.63575 | AX38: 109.63575 | AY38: 110.33093 | AZ38: 110.33093 | BA38: 111.01163 | BB38: 111.01163 | BC38: 111.72129 | BD38: 111.72129 | BE38: 113.1551 | BF38: 113.1551 | BG38: 113.87925 | BH38: 113.87925 | BI38: 114.61788 | BJ38: 114.61788 | BK38: Regulado | BL38: Não | BM38: Não | BN38: Não | BO38: Não | BP38: Não | BQ38: Não | BR38: Doenças Cardiovasculares
A39: CMC&GM | B39: 525416060047703 | C39: MERCK S/A | D39: 1008901940519 | E39: 3191270001 | F39: 7891721024986 | G39: CONCOR | H39: 2,5 MG COM REV CT BL AL AL X 30 | I39: HEMIFUMARATO DE BISOPROLOL | J39: Positiva | K39: 54.697489 | L39: 55.361845 | M39: 62.916441 | N39: 62.916441 | O39: 66.698992 | P39: 66.698992 | Q39: 67.108769 | R39: 67.108769 | S39: 67.518545 | T39: 67.518545 | U39: 68.348605 | V39: 68.348605 | W39: 68.768889 | X39: 68.768889 | Y39: 69.199679 | Z39: 69.199679 | AA39: 69.640977 | AB39: 69.640977 | AC39: 70.082274 | AD39: 70.082274 | AE39: 70.975377 | AF39: 70.975377 | AG39: 71.437689 | AH39: 71.437689 | AI39: 71.900001 | AJ39: 71.900001 | AK39: 75.394792 | AL39: 76.310537 | AM39: 86.723761 | AN39: 86.723761 | AO39: 91.937614 | AP39: 91.937614 | AQ39: 92.502448 | AR39: 92.502448 | AS39: 93.067282 | AT39: 93.067282 | AU39: 94.211434 | AV39: 94.211434 | AW39: 94.790751 | AX39: 94.790751 | AY39: 95.384551 | AZ39: 95.384551 | BA39: 95.992833 | BB39: 95.992833 | BC39: 96.601116 | BD39: 96.601116 | BE39: 97.832165 | BF39: 97.832165 | BG39: 98.469414 | BH39: 98.469414 | BI39: 99.106663 | BJ39: 99.106663 | BK39: Regulado | BL39: Não | BM39: Não | BN39: Não | BO39: Não | BP39: Não | BQ39: Não | BR39: Doenças Cardiovasculares
A40: CMC&GM | B40: 525416060047803 | C40: MERCK S/A | D40: 1008901940561 | E40: 3028030003 | F40: 7891721025099 | G40: CONCOR | H40: 5 MG COM REV CT BL AL AL X 20 | I40: HEMIFUMARATO DE BISOPROLOL | J40: Positiva | K40: 76.964734 | L40: 77.899548 | M40: 88.522213 | N40: 88.522213 | O40: 93.859814 | P40: 93.859814 | Q40: 94.427196 | R40: 94.427196 | S40: 94.994579 | T40: 94.994579 | U40: 96.171373 | V40: 96.171373 | W40: 96.770277 | X40: 96.770277 | Y40: 97.379688 | Z40: 97.379688 | AA40: 97.989099 | AB40: 97.989099 | AC40: 98.609017 | AD40: 98.609017 | AE40: 99.869868 | AF40: 99.869868 | AG40: 100.5108 | AH40: 100.5108 | AI40: 101.17275 | AJ40: 101.17275 | AK40: 106.08787 | AL40: 107.37641 | AM40: 122.01865 | AN40: 122.01865 | AO40: 129.37598 | AP40: 129.37598 | AQ40: 130.15806 | AR40: 130.15806 | AS40: 130.94013 | AT40: 130.94013 | AU40: 132.56222 | AV40: 132.56222 | AW40: 133.38775 | AX40: 133.38775 | AY40: 134.22776 | AZ40: 134.22776 | BA40: 135.06777 | BB40: 135.06777 | BC40: 135.92226 | BD40: 135.92226 | BE40: 137.66021 | BF40: 137.66021 | BG40: 138.54367 | BH40: 138.54367 | BI40: 139.45609 | BJ40: 139.45609 | BK40: Regulado | BL40: Não | BM40: Não | BN40: Não | BO40: Não | BP40: Não | BQ40: Não | BR40: Doenças Cardiovasculares
A41: CMC&GM | B41: 525416060047903 | C41: MERCK S/A | D41: 1008901940578 | E41: 3028030001 | F41: 7891721025105 | G41: CONCOR | H41: 5 MG COM REV CT BL AL AL X 30 | I41: HEMIFUMARATO DE BISOPROLOL | J41: Positiva | K41: 66.54221 | L41: 67.350432 | M41: 76.533626 | N41: 76.533626 | O41: 81.146238 | P41: 81.146238 | Q41: 81.640071 | R41: 81.640071 | S41: 82.133904 | T41: 82.133904 | U41: 83.153091 | V41: 83.153091 | W41: 83.667939 | X41: 83.667939 | Y41: 84.193293 | Z41: 84.193293 | AA41: 84.718648 | AB41: 84.718648 | AC41: 85.254509 | AD41: 85.254509 | AE41: 86.347246 | AF41: 86.347246 | AG41: 86.904122 | AH41: 86.904122 | AI41: 87.471504 | AJ41: 87.471504 | AK41: 91.721506 | AL41: 92.835556 | AM41: 105.49363 | AN41: 105.49363 | AO41: 111.85164 | AP41: 111.85164 | AQ41: 112.53233 | AR41: 112.53233 | AS41: 113.21303 | AT41: 113.21303 | AU41: 114.61788 | AV41: 114.61788 | AW41: 115.32754 | AX41: 115.32754 | AY41: 116.05169 | AZ41: 116.05169 | BA41: 116.77583 | BB41: 116.77583 | BC41: 117.51446 | BD41: 117.51446 | BE41: 119.02069 | BF41: 119.02069 | BG41: 119.78828 | BH41: 119.78828 | BI41: 120.57036 | BJ41: 120.57036 | BK41: Regulado | BL41: Não | BM41: Não | BN41: Não | BO41: Não | BP41: Não | BQ41: Não | BR41: Doenças Cardiovasculares
A42: CMC&GM | B42: 525416060048003 | C42: MERCK S/A | D42: 1008901940624 | E42: 3191290002 | F42: 7891721025211 | G42: CONCOR | H42: 10 MG COM REV CT BL AL AL X 20 | I42: HEMIFUMARATO DE BISOPROLOL | J42: Positiva | K42: 87.709069 | L42: 88.774383 | M42: 100.87855 | N42: 100.87855 | O42: 106.96215 | P42: 106.96215 | Q42: 107.60308 | R42: 107.60308 | S42: 108.26503 | T42: 108.26503 | U42: 109.59943 | V42: 109.59943 | W42: 110.28239 | X42: 110.28239 | Y42: 110.96535 | Z42: 110.96535 | AA42: 111.66933 | AB42: 111.66933 | AC42: 112.3733 | AD42: 112.3733 | AE42: 113.81277 | AF42: 113.81277 | AG42: 114.54827 | AH42: 114.54827 | AI42: 115.29427 | AJ42: 115.29427 | AK42: 120.89782 | AL42: 122.36624 | AM42: 139.05057 | AN42: 139.05057 | AO42: 147.43619 | AP42: 147.43619 | AQ42: 148.31965 | AR42: 148.31965 | AS42: 149.23207 | AT42: 149.23207 | AU42: 151.0714 | AV42: 151.0714 | AW42: 152.01279 | AX42: 152.01279 | AY42: 152.95418 | AZ42: 152.95418 | BA42: 153.92454 | BB42: 153.92454 | BC42: 154.89489 | BD42: 154.89489 | BE42: 156.87905 | BF42: 156.87905 | BG42: 157.89286 | BH42: 157.89286 | BI42: 158.92115 | BJ42: 158.92115 | BK42: Regulado | BL42: Não | BM42: Não | BN42: Não | BO42: Não | BP42: Não | BQ42: Não | BR42: Doenças Cardiovasculares
A43: CMC&GM | B43: 525416060048103 | C43: MERCK S/A | D43: 1008901940632 | E43: 3191290001 | F43: 7891721025228 | G43: CONCOR | H43: 10 MG COM REV CT BL AL AL X 30 | I43: HEMIFUMARATO DE BISOPROLOL | J43: Positiva | K43: 75.822824 | L43: 76.743768 | M43: 87.208827 | N43: 87.208827 | O43: 92.462371 | P43: 92.462371 | Q43: 93.019247 | R43: 93.019247 | S43: 93.586629 | T43: 93.586629 | U43: 94.742409 | V43: 94.742409 | W43: 95.330806 | X43: 95.330806 | Y43: 95.92971 | Z43: 95.92971 | AA43: 96.528614 | AB43: 96.528614 | AC43: 97.148532 | AD43: 97.148532 | AE43: 98.388369 | AF43: 98.388369 | AG43: 99.029301 | AH43: 99.029301 | AI43: 99.670233 | AJ43: 99.670233 | AK43: 104.51387 | AL43: 105.78329 | AM43: 120.20829 | AN43: 120.20829 | AO43: 127.44975 | AP43: 127.44975 | AQ43: 128.21734 | AR43: 128.21734 | AS43: 128.99942 | AT43: 128.99942 | AU43: 130.59254 | AV43: 130.59254 | AW43: 131.40359 | AX43: 131.40359 | AY43: 132.22911 | AZ43: 132.22911 | BA43: 133.05464 | BB43: 133.05464 | BC43: 133.90913 | BD43: 133.90913 | BE43: 135.61812 | BF43: 135.61812 | BG43: 136.50158 | BH43: 136.50158 | BI43: 137.38504 | BJ43: 137.38504 | BK43: Regulado | BL43: Não | BM43: Não | BN43: Não | BO43: Não | BP43: Não | BQ43: Não | BR43: Doenças Cardiovasculares
A44: CMC&GM | B44: 525421020052105 | C44: MERCK S/A | D44: 1008904130011 | E44: 3026464901 | F44: 7891721029974 | G44: CONCOR ANLO | H44: (5,0 + 5,0) MG COM CT BL AL AL X 30 | I44: BESILATO DE ANLODIPINO;HEMIFUMARATO DE BISOPROLOL | J44: Negativa | K44: 54.488844 | L44: 61.031955 | M44: 69.354954 | N44: 61.921899 | O44: 73.531623 | P44: 65.653596 | Q44: 73.976595 | R44: 66.048003 | S44: 74.43168 | T44: 66.452523 | U44: 75.351963 | V44: 67.271676 | W44: 75.817161 | X44: 67.696422 | Y44: 76.292472 | Z44: 68.111055 | AA44: 76.767783 | AB44: 68.545914 | AC44: 77.253207 | AD44: 68.980773 | AE44: 78.244281 | AF44: 69.860604 | AG44: 78.749931 | AH44: 70.315689 | AI44: 79.265694 | AJ44: 70.770774 | AK44: 75.331737 | AL44: 81.874848 | AM44: 93.0396 | AN44: 85.606545 | AO44: 98.642202 | AP44: 90.764175 | AQ44: 99.238869 | AR44: 91.310277 | AS44: 99.845649 | AT44: 91.866492 | AU44: 101.07944 | AV44: 92.999148 | AW44: 101.70644 | AX44: 93.585702 | AY44: 102.34356 | AZ44: 94.162143 | BA44: 102.98068 | BB44: 94.75881 | BC44: 103.62791 | BD44: 95.36559 | BE44: 104.96283 | BF44: 96.57915 | BG44: 105.6404 | BH44: 97.206156 | BI44: 106.32808 | BJ44: 97.833162 | BK44: Regulado | BL44: Não | BM44: Não | BN44: Não | BO44: Não | BP44: Não | BQ44: Não | BR44: Doenças Cardiovasculares
A45: CMC&GM | B45: 525421020052205 | C45: MERCK S/A | D45: 1008904130021 | E45: 3026474901 | F45: 7891721029981 | G45: CONCOR ANLO | H45: (5,0 + 10,0) MG COM CT BL AL AL X 30 | I45: BESILATO DE ANLODIPINO;HEMIFUMARATO DE BISOPROLOL | J45: Negativa | K45: 60.769017 | L45: 68.06049 | M45: 77.344224 | N45: 69.051564 | O45: 81.996204 | P45: 73.21812 | Q45: 82.501854 | R45: 73.663092 | S45: 82.997391 | T45: 74.108064 | U45: 84.028917 | V45: 75.018234 | W45: 84.54468 | X45: 75.493545 | Y45: 85.080669 | Z45: 75.958743 | AA45: 85.606545 | AB45: 76.434054 | AC45: 86.152647 | AD45: 76.919478 | AE45: 87.254964 | AF45: 77.910552 | AG45: 87.821292 | AH45: 78.406089 | AI45: 88.38762 | AJ45: 78.921852 | AK45: 84.008691 | AL45: 91.300164 | AM45: 103.75938 | AN45: 95.456607 | AO45: 109.9991 | AP45: 101.22102 | AQ45: 110.67667 | AR45: 101.83791 | AS45: 111.33402 | AT45: 102.4548 | AU45: 112.7195 | AV45: 103.70882 | AW45: 113.4173 | AX45: 104.36616 | AY45: 114.13532 | AZ45: 105.01339 | BA45: 114.83312 | BB45: 105.66062 | BC45: 115.57136 | BD45: 106.3382 | BE45: 117.04786 | BF45: 107.70345 | BG45: 117.80634 | BH45: 108.39113 | BI45: 118.56481 | BJ45: 109.10916 | BK45: Regulado | BL45: Não | BM45: Não | BN45: Não | BO45: Não | BP45: Não | BQ45: Não | BR45: Doenças Cardiovasculares
A46: CMC&GM | B46: 525421020052305 | C46: MERCK S/A | D46: 1008904130038 | E46: 3026534901 | F46: 7891721029998 | G46: CONCOR ANLO | H46: (10,0 + 5,0) MG COM CT BL AL AL X 30 | I46: BESILATO DE ANLODIPINO;HEMIFUMARATO DE BISOPROLOL | J46: Negativa | K46: 60.769017 | L46: 68.06049 | M46: 77.344224 | N46: 69.051564 | O46: 81.996204 | P46: 73.21812 | Q46: 82.501854 | R46: 73.663092 | S46: 82.997391 | T46: 74.108064 | U46: 84.028917 | V46: 75.018234 | W46: 84.54468 | X46: 75.493545 | Y46: 85.080669 | Z46: 75.958743 | AA46: 85.606545 | AB46: 76.434054 | AC46: 86.152647 | AD46: 76.919478 | AE46: 87.254964 | AF46: 77.910552 | AG46: 87.821292 | AH46: 78.406089 | AI46: 88.38762 | AJ46: 78.921852 | AK46: 84.008691 | AL46: 91.300164 | AM46: 103.75938 | AN46: 95.456607 | AO46: 109.9991 | AP46: 101.22102 | AQ46: 110.67667 | AR46: 101.83791 | AS46: 111.33402 | AT46: 102.4548 | AU46: 112.7195 | AV46: 103.70882 | AW46: 113.4173 | AX46: 104.36616 | AY46: 114.13532 | AZ46: 105.01339 | BA46: 114.83312 | BB46: 105.66062 | BC46: 115.57136 | BD46: 106.3382 | BE46: 117.04786 | BF46: 107.70345 | BG46: 117.80634 | BH46: 108.39113 | BI46: 118.56481 | BJ46: 109.10916 | BK46: Regulado | BL46: Não | BM46: Não | BN46: Não | BO46: Não | BP46: Não | BQ46: Não | BR46: Doenças Cardiovasculares
A47: CMC&GM | B47: 525421020052005 | C47: MERCK S/A | D47: 1008904130046 | E47: 3026484901 | F47: 7891721030000 | G47: CONCOR ANLO | H47: (10,0 + 10,0) MG COM CT BL AL AL X 30 | I47: BESILATO DE ANLODIPINO;HEMIFUMARATO DE BISOPROLOL | J47: Negativa | K47: 67.069416 | L47: 75.119364 | M47: 85.363833 | N47: 76.221681 | O47: 90.501237 | P47: 80.812983 | Q47: 91.057452 | R47: 81.298407 | S47: 91.613667 | T47: 81.793944 | U47: 92.73621 | V47: 82.805244 | W47: 93.312651 | X47: 83.321007 | Y47: 93.899205 | Z47: 83.83677 | AA47: 94.485759 | AB47: 84.362646 | AC47: 95.092539 | AD47: 84.898635 | AE47: 96.306099 | AF47: 85.990839 | AG47: 96.933105 | AH47: 86.547054 | AI47: 97.560111 | AJ47: 87.103269 | AK47: 92.726097 | AL47: 100.76593 | AM47: 114.5095 | AN47: 105.36735 | AO47: 121.40657 | AP47: 111.71831 | AQ47: 122.15493 | AR47: 112.38577 | AS47: 122.89318 | AT47: 113.07345 | AU47: 124.40001 | AV47: 114.46905 | AW47: 125.17871 | AX47: 115.18707 | AY47: 125.95742 | AZ47: 115.89498 | BA47: 126.74623 | BB47: 116.62312 | BC47: 127.56538 | BD47: 117.37148 | BE47: 129.19358 | BF47: 118.87832 | BG47: 130.03295 | BH47: 119.6469 | BI47: 130.87233 | BJ47: 120.41549 | BK47: Regulado | BL47: Não | BM47: Não | BN47: Não | BO47: Não | BP47: Não | BQ47: Não | BR47: Doenças Cardiovasculares
A48: CMC&GM | B48: 525412010042803 | C48: MERCK S/A | D48: 1008903720028 | E48: BR1008038 | F48: 7891721026676 | G48: CONCOR HCT | H48: (10,0 + 25,0) MG COM REV CT BL AL AL X 30 | I48: HIDROCLOROTIAZIDA;BISOPROLOL | J48: Positiva | K48: 90.218073 | L48: 91.313862 | M48: 103.77087 | N48: 103.77087 | O48: 110.01473 | P48: 110.01473 | Q48: 110.68006 | R48: 110.68006 | S48: 111.35562 | T48: 111.35562 | U48: 112.73746 | V48: 112.73746 | W48: 113.4335 | X48: 113.4335 | Y48: 114.13977 | Z48: 114.13977 | AA48: 114.85628 | AB48: 114.85628 | AC48: 115.58302 | AD48: 115.58302 | AE48: 117.06722 | AF48: 117.06722 | AG48: 117.82467 | AH48: 117.82467 | AI48: 118.59236 | AJ48: 118.59236 | AK48: 124.35622 | AL48: 125.86665 | AM48: 143.03734 | AN48: 143.03734 | AO48: 151.64384 | AP48: 151.64384 | AQ48: 152.56093 | AR48: 152.56093 | AS48: 153.49213 | AT48: 153.49213 | AU48: 155.39685 | AV48: 155.39685 | AW48: 156.35626 | AX48: 156.35626 | AY48: 157.32978 | AZ48: 157.32978 | BA48: 158.31741 | BB48: 158.31741 | BC48: 159.31916 | BD48: 159.31916 | BE48: 161.36497 | BF48: 161.36497 | BG48: 162.40903 | BH48: 162.40903 | BI48: 163.46721 | BJ48: 163.46721 | BK48: Regulado | BL48: Não | BM48: Não | BN48: Não | BO48: Não | BP48: Não | BQ48: Não | BR48: Doenças Cardiovasculares
A49: CMC&GM | B49: 525412010042703 | C49: MERCK S/A | D49: 1008903720011 | E49: BR1008035 | F49: 7891721026706 | G49: CONCOR HCT | H49: (5,0 + 12,5) MG COM REV CT BL AL AL X 30 | I49: HIDROCLOROTIAZIDA;BISOPROLOL | J49: Positiva | K49: 89.024739 | L49: 90.106033 | M49: 102.38903 | N49: 102.38903 | O49: 108.56124 | P49: 108.56124 | Q49: 109.21633 | R49: 109.21633 | S49: 109.88166 | T49: 109.88166 | U49: 111.24303 | V49: 111.24303 | W49: 111.92883 | X49: 111.92883 | Y49: 112.6351 | Z49: 112.6351 | AA49: 113.34137 | AB49: 113.34137 | AC49: 114.05788 | AD49: 114.05788 | AE49: 115.52161 | AF49: 115.52161 | AG49: 116.26882 | AH49: 116.26882 | AI49: 117.01604 | AJ49: 117.01604 | AK49: 122.71133 | AL49: 124.20178 | AM49: 141.13262 | AN49: 141.13262 | AO49: 149.64036 | AP49: 149.64036 | AQ49: 150.54334 | AR49: 150.54334 | AS49: 151.46043 | AT49: 151.46043 | AU49: 153.33693 | AV49: 153.33693 | AW49: 154.28223 | AX49: 154.28223 | AY49: 155.25576 | AZ49: 155.25576 | BA49: 156.22928 | BB49: 156.22928 | BC49: 157.21691 | BD49: 157.21691 | BE49: 159.2345 | BF49: 159.2345 | BG49: 160.26446 | BH49: 160.26446 | BI49: 161.29442 | BJ49: 161.29442 | BK49: Regulado | BL49: Não | BM49: Não | BN49: Não | BO49: Não | BP49: Não | BQ49: Não | BR49: Doenças Cardiovasculares
A50: CMC&GM | B50: 525422020053205 | C50: MERCK S/A | D50: 1008904150012 | E50: 3681824901 | F50: 7891721201691 | G50: CONTRAVE | H50: 8 MG + 90 MG COM REV LIB PROL CT FR PLAS OPC X 120 | I50: CLORIDRATO DE NALTREXONA CLORIDRATO DE BUPROPIONA | J50: Negativa | K50: 526.79628 | L50: 590.01265 | M50: 670.47167 | N50: 598.62892 | O50: 710.863 | P50: 634.69188 | Q50: 715.17113 | R50: 638.54493 | S50: 719.52984 | T50: 642.43844 | U50: 728.40905 | V50: 650.36703 | W50: 732.93968 | X50: 654.40212 | Y50: 737.52086 | Z50: 658.49788 | AA50: 742.15262 | AB50: 662.6341 | AC50: 746.85516 | AD50: 666.83099 | AE50: 756.42206 | AF50: 675.37648 | AG50: 761.30664 | AH50: 679.73518 | AI50: 766.2519 | AJ50: 684.15456 | AK50: 728.26747 | AL50: 791.48383 | AM50: 899.40977 | AN50: 827.56702 | AO50: 953.59522 | AP50: 877.42411 | AQ50: 959.37986 | AR50: 882.75366 | AS50: 965.22517 | AT50: 888.13377 | AU50: 977.13829 | AV50: 899.09627 | AW50: 983.2162 | AX50: 904.66853 | AY50: 989.35479 | AZ50: 910.33181 | BA50: 995.57429 | BB50: 916.05577 | BC50: 1001.8747 | BD50: 921.85052 | BE50: 1014.7182 | BF50: 933.67261 | BG50: 1021.2613 | BH50: 939.68985 | BI50: 1027.8954 | BJ50: 945.80821 | BK50: Regulado | BL50: Não | BM50: Não | BN50: Não | BO50: Não | BP50: Não | BQ50: Não | BR50: Náo se Aplica
A51: BIOTECH | B51: 525421601164310 | C51: MERCK S/A | D51: 1008903650011 | E51: F56B12A3 | F51: 7891721022630 | G51: CRINONE | H51: 80 MG/G GEL VAG CT 15 ENV AL POLIET X 1 APLIC X 1,125 G | I51: PROGESTERONA | J51: Positiva | K51: 518.86709 | L51: 525.16925 | M51: 596.78418 | N51: 596.78418 | O51: 632.73166 | P51: 632.73166 | Q51: 636.5691 | R51: 636.5691 | S51: 640.44803 | T51: 640.44803 | U51: 648.36145 | V51: 648.36145 | W51: 652.38558 | X51: 652.38558 | Y51: 656.46156 | Z51: 656.46156 | AA51: 660.58941 | AB51: 660.58941 | AC51: 664.7691 | AD51: 664.7691 | AE51: 673.29444 | AF51: 673.29444 | AG51: 677.64009 | AH51: 677.64009 | AI51: 682.03759 | AJ51: 682.03759 | AK51: 715.20425 | AL51: 723.89112 | AM51: 822.60484 | AN51: 822.60484 | AO51: 872.1547 | AP51: 872.1547 | AQ51: 877.44421 | AR51: 877.44421 | AS51: 882.79091 | AT51: 882.79091 | AU51: 893.69874 | AV51: 893.69874 | AW51: 899.24558 | AX51: 899.24558 | AY51: 904.8639 | AZ51: 904.8639 | BA51: 910.5537 | BB51: 910.5537 | BC51: 916.31497 | BD51: 916.31497 | BE51: 928.06627 | BF51: 928.06627 | BG51: 934.05628 | BH51: 934.05628 | BI51: 940.11778 | BJ51: 940.11778 | BK51: Regulado | BL51: Não | BM51: Não | BN51: Não | BO51: Não | BP51: Não | BQ51: Não | BR51: Náo se Aplica
A52: CMC&GM | B52: 525403301111418 | C52: MERCK S/A | D52: 1008902470028 | E52: BR1001014 | F52: 7891721010026 | G52: DICLIN | H52: 2 MG + 0,035 MG COM REV CT CART EST CAL AL PVC X 21 | I52: ETINILESTRADIOL;ACETATO DE CIPROTERONA | J52: Positiva | K52: 15.431982 | L52: 15.619419 | M52: 17.745568 | N52: 17.745568 | O52: 18.813829 | P52: 18.813829 | Q52: 18.927915 | R52: 18.927915 | S52: 19.052372 | T52: 19.052372 | U52: 19.280544 | V52: 19.280544 | W52: 19.405002 | X52: 19.405002 | Y52: 19.529459 | Z52: 19.529459 | AA52: 19.643545 | AB52: 19.643545 | AC52: 19.768003 | AD52: 19.768003 | AE52: 20.027289 | AF52: 20.027289 | AG52: 20.151747 | AH52: 20.151747 | AI52: 20.286576 | AJ52: 20.286576 | AK52: 21.27138 | AL52: 21.529742 | AM52: 24.460418 | AN52: 24.460418 | AO52: 25.932903 | AP52: 25.932903 | AQ52: 26.090159 | AR52: 26.090159 | AS52: 26.261711 | AT52: 26.261711 | AU52: 26.576222 | AV52: 26.576222 | AW52: 26.747774 | AX52: 26.747774 | AY52: 26.919326 | AZ52: 26.919326 | BA52: 27.076581 | BB52: 27.076581 | BC52: 27.248133 | BD52: 27.248133 | BE52: 27.605533 | BF52: 27.605533 | BG52: 27.777084 | BH52: 27.777084 | BI52: 27.962932 | BJ52: 27.962932 | BK52: Regulado | BL52: Não | BM52: Não | BN52: Não | BO52: Não | BP52: Não | BQ52: Não | BR52: Náo se Aplica
A53: CMC&GM | B53: 525403302118416 | C53: MERCK S/A | D53: 1008902470036 | E53: BR1001015 | F53: 7891721015366 | G53: DICLIN | H53: 2 MG + 0,035 MG COM REV CT CART EST CAL AL PVC X 63 | I53: ETINILESTRADIOL;ACETATO DE CIPROTERONA | J53: Positiva | K53: 37.268339 | L53: 37.721 | M53: 42.865244 | N53: 42.865244 | O53: 45.447738 | P53: 45.447738 | Q53: 45.717396 | R53: 45.717396 | S53: 45.997425 | T53: 45.997425 | U53: 46.567856 | V53: 46.567856 | W53: 46.858257 | X53: 46.858257 | Y53: 47.148657 | Z53: 47.148657 | AA53: 47.44943 | AB53: 47.44943 | AC53: 47.750202 | AD53: 47.750202 | AE53: 48.362118 | AF53: 48.362118 | AG53: 48.673262 | AH53: 48.673262 | AI53: 48.984406 | AJ53: 48.984406 | AK53: 51.370524 | AL53: 51.99447 | AM53: 59.085275 | AN53: 59.085275 | AO53: 62.644973 | AP53: 62.644973 | AQ53: 63.016669 | AR53: 63.016669 | AS53: 63.40266 | AT53: 63.40266 | AU53: 64.188939 | AV53: 64.188939 | AW53: 64.589226 | AX53: 64.589226 | AY53: 64.989514 | AZ53: 64.989514 | BA53: 65.404097 | BB53: 65.404097 | BC53: 65.81868 | BD53: 65.81868 | BE53: 66.662143 | BF53: 66.662143 | BG53: 67.091022 | BH53: 67.091022 | BI53: 67.519902 | BJ53: 67.519902 | BK53: Regulado | BL53: Não | BM53: Não | BN53: Não | BO53: Não | BP53: Não | BQ53: Não | BR53: Náo se Aplica
A54: ONCOLOGIA | B54: 525419504130316 | C54: MERCK S/A | D54: 1008903350050 | E54: FN151201 | F54: 7891721021213 | G54: ERBITUX | H54: 5 MG/ML SOL INJ CT FA VD TRANS X 100 ML | I54: CETUXIMABE | J54: Positiva | K54: 5375.8281 | L54: 5441.1229 | M54: 6183.0979 | N54: 6183.0979 | O54: 6555.5696 | P54: 6555.5696 | Q54: 6595.2949 | R54: 6595.2949 | S54: 6635.5115 | T54: 6635.5115 | U54: 6717.4391 | V54: 6717.4391 | W54: 6759.1603 | X54: 6759.1603 | Y54: 6801.4036 | Z54: 6801.4036 | AA54: 6844.1792 | AB54: 6844.1792 | AC54: 6887.4972 | AD54: 6887.4972 | AE54: 6975.8017 | AF54: 6975.8017 | AG54: 7020.8087 | AH54: 7020.8087 | AI54: 7066.3889 | AJ54: 7066.3889 | AK54: 7410.0191 | AL54: 7500.0212 | AM54: 8522.7565 | AN54: 8522.7565 | AO54: 9036.17 | AP54: 9036.17 | AQ54: 9090.9271 | AR54: 9090.9271 | AS54: 9146.3615 | AT54: 9146.3615 | AU54: 9259.2902 | AV54: 9259.2902 | AW54: 9316.7986 | AX54: 9316.7986 | AY54: 9375.0265 | AZ54: 9375.0265 | BA54: 9433.9882 | BB54: 9433.9882 | BC54: 9493.6976 | BD54: 9493.6976 | BE54: 9615.4162 | BF54: 9615.4162 | BG54: 9677.4536 | BH54: 9677.4536 | BI54: 9740.2811 | BJ54: 9740.2811 | BK54: Regulado | BL54: Não | BM54: Sim | BN54: Não | BO54: Não | BP54: Não | BQ54: Não | BR54: Oncologia
A55: ONCOLOGIA | B55: 525419505137314 | C55: MERCK S/A | D55: 1008903350034 | E55: FN131201 | F55: 7891721021220 | G55: ERBITUX | H55: 5 MG/ML SOL INJ CT FA VD TRANS X 20 ML | I55: CETUXIMABE | J55: Positiva | K55: 1075.1737 | L55: 1088.2328 | M55: 1236.6319 | N55: 1236.6319 | O55: 1311.1283 | P55: 1311.1283 | Q55: 1319.0713 | R55: 1319.0713 | S55: 1327.1166 | T55: 1327.1166 | U55: 1343.494 | V55: 1343.494 | W55: 1351.8464 | X55: 1351.8464 | Y55: 1360.291 | Z55: 1360.291 | AA55: 1368.8481 | AB55: 1368.8481 | AC55: 1377.5076 | AD55: 1377.5076 | AE55: 1395.1747 | AF55: 1395.1747 | AG55: 1404.172 | AH55: 1404.172 | AI55: 1413.2921 | AJ55: 1413.2921 | AK55: 1482.015 | AL55: 1500.0155 | AM55: 1704.5682 | AN55: 1704.5682 | AO55: 1807.2537 | AP55: 1807.2537 | AQ55: 1818.2024 | AR55: 1818.2024 | AS55: 1829.2921 | AT55: 1829.2921 | AU55: 1851.8665 | AV55: 1851.8665 | AW55: 1863.3795 | AX55: 1863.3795 | AY55: 1875.0194 | AZ55: 1875.0194 | BA55: 1886.8146 | BB55: 1886.8146 | BC55: 1898.7508 | BD55: 1898.7508 | BE55: 1923.103 | BF55: 1923.103 | BG55: 1935.5048 | BH55: 1935.5048 | BI55: 1948.076 | BJ55: 1948.076 | BK55: Regulado | BL55: Não | BM55: Sim | BN55: Não | BO55: Não | BP55: Não | BQ55: Não | BR55: Oncologia
A56: CMC&GM | B56: 525404126119417 | C56: MERCK S/A | D56: 1008902020731 | E56: BR1002944 | F56: 7891721014086 | G56: EUTHYROX | H56: 125 MCG COM CT BL AL AL X 50 | I56: LEVOTIROXINA SÓDICA | J56: Positiva | K56: 33.817872 | L56: 34.228624 | M56: 38.896163 | N56: 38.896163 | O56: 41.240169 | P56: 41.240169 | Q56: 41.485829 | R56: 41.485829 | S56: 41.741725 | T56: 41.741725 | U56: 42.253517 | V56: 42.253517 | W56: 42.519648 | X56: 42.519648 | Y56: 42.78578 | Z56: 42.78578 | AA56: 43.051911 | AB56: 43.051911 | AC56: 43.328279 | AD56: 43.328279 | AE56: 43.881014 | AF56: 43.881014 | AG56: 44.167617 | AH56: 44.167617 | AI56: 44.454221 | AJ56: 44.454221 | AK56: 46.614414 | AL56: 47.180593 | AM56: 53.61431 | AN56: 53.61431 | AO56: 56.845278 | AP56: 56.845278 | AQ56: 57.183895 | AR56: 57.183895 | AS56: 57.53662 | AT56: 57.53662 | AU56: 58.242072 | AV56: 58.242072 | AW56: 58.608907 | AX56: 58.608907 | AY56: 58.975741 | AZ56: 58.975741 | BA56: 59.342576 | BB56: 59.342576 | BC56: 59.72352 | BD56: 59.72352 | BE56: 60.485408 | BF56: 60.485408 | BG56: 60.88046 | BH56: 60.88046 | BI56: 61.275513 | BJ56: 61.275513 | BK56: Regulado | BL56: Não | BM56: Não | BN56: Não | BO56: Não | BP56: Não | BQ56: Não | BR56: Náo se Aplica
A57: CMC&GM | B57: 525404126119417 | C57: MERCK S/A | D57: 1008902020731 | E57: 3450260002 | F57: 7891721014086 | G57: EUTHYROX | H57: 125 MCG COM CT BL AL AL X 50 | I57: LEVOTIROXINA SÓDICA | J57: Positiva | K57: 33.817872 | L57: 34.228624 | M57: 38.896163 | N57: 38.896163 | O57: 41.240169 | P57: 41.240169 | Q57: 41.485829 | R57: 41.485829 | S57: 41.741725 | T57: 41.741725 | U57: 42.253517 | V57: 42.253517 | W57: 42.519648 | X57: 42.519648 | Y57: 42.78578 | Z57: 42.78578 | AA57: 43.051911 | AB57: 43.051911 | AC57: 43.328279 | AD57: 43.328279 | AE57: 43.881014 | AF57: 43.881014 | AG57: 44.167617 | AH57: 44.167617 | AI57: 44.454221 | AJ57: 44.454221 | AK57: 46.614414 | AL57: 47.180593 | AM57: 53.61431 | AN57: 53.61431 | AO57: 56.845278 | AP57: 56.845278 | AQ57: 57.183895 | AR57: 57.183895 | AS57: 57.53662 | AT57: 57.53662 | AU57: 58.242072 | AV57: 58.242072 | AW57: 58.608907 | AX57: 58.608907 | AY57: 58.975741 | AZ57: 58.975741 | BA57: 59.342576 | BB57: 59.342576 | BC57: 59.72352 | BD57: 59.72352 | BE57: 60.485408 | BF57: 60.485408 | BG57: 60.88046 | BH57: 60.88046 | BI57: 61.275513 | BJ57: 61.275513 | BK57: Regulado | BL57: Não | BM57: Não | BN57: Não | BO57: Não | BP57: Não | BQ57: Não | BR57: Náo se Aplica
A58: CMC&GM | B58: 525404127115415 | C58: MERCK S/A | D58: 1008902020766 | E58: BR1002946 | F58: 7891721014130 | G58: EUTHYROX | H58: 150 MCG COM CT BL AL AL X 50 | I58: LEVOTIROXINA SÓDICA | J58: Positiva | K58: 36.285444 | L58: 36.726167 | M58: 41.731489 | N58: 41.731489 | O58: 44.249504 | P58: 44.249504 | Q58: 44.515636 | R58: 44.515636 | S58: 44.792003 | T58: 44.792003 | U58: 45.344738 | V58: 45.344738 | W58: 45.621105 | X58: 45.621105 | Y58: 45.907709 | Z58: 45.907709 | AA58: 46.194312 | AB58: 46.194312 | AC58: 46.491151 | AD58: 46.491151 | AE58: 47.084829 | AF58: 47.084829 | AG58: 47.391904 | AH58: 47.391904 | AI58: 47.698979 | AJ58: 47.698979 | AK58: 50.015705 | AL58: 50.623196 | AM58: 57.522511 | AN58: 57.522511 | AO58: 60.993333 | AP58: 60.993333 | AQ58: 61.360167 | AR58: 61.360167 | AS58: 61.741111 | AT58: 61.741111 | AU58: 62.502999 | AV58: 62.502999 | AW58: 62.883942 | AX58: 62.883942 | AY58: 63.278995 | AZ58: 63.278995 | BA58: 63.674048 | BB58: 63.674048 | BC58: 64.08321 | BD58: 64.08321 | BE58: 64.901534 | BF58: 64.901534 | BG58: 65.324804 | BH58: 65.324804 | BI58: 65.748075 | BJ58: 65.748075 | BK58: Regulado | BL58: Sim | BM58: Não | BN58: Não | BO58: Não | BP58: Não | BQ58: Não | BR58: Náo se Aplica
A59: CMC&GM | B59: 525404127115415 | C59: MERCK S/A | D59: 1008902020766 | E59: 3450280002 | F59: 7891721014130 | G59: EUTHYROX | H59: 150 MCG COM CT BL AL AL X 50 | I59: LEVOTIROXINA SÓDICA | J59: Positiva | K59: 36.285444 | L59: 36.726167 | M59: 41.731489 | N59: 41.731489 | O59: 44.249504 | P59: 44.249504 | Q59: 44.515636 | R59: 44.515636 | S59: 44.792003 | T59: 44.792003 | U59: 45.344738 | V59: 45.344738 | W59: 45.621105 | X59: 45.621105 | Y59: 45.907709 | Z59: 45.907709 | AA59: 46.194312 | AB59: 46.194312 | AC59: 46.491151 | AD59: 46.491151 | AE59: 47.084829 | AF59: 47.084829 | AG59: 47.391904 | AH59: 47.391904 | AI59: 47.698979 | AJ59: 47.698979 | AK59: 50.015705 | AL59: 50.623196 | AM59: 57.522511 | AN59: 57.522511 | AO59: 60.993333 | AP59: 60.993333 | AQ59: 61.360167 | AR59: 61.360167 | AS59: 61.741111 | AT59: 61.741111 | AU59: 62.502999 | AV59: 62.502999 | AW59: 62.883942 | AX59: 62.883942 | AY59: 63.278995 | AZ59: 63.278995 | BA59: 63.674048 | BB59: 63.674048 | BC59: 64.08321 | BD59: 64.08321 | BE59: 64.901534 | BF59: 64.901534 | BG59: 65.324804 | BH59: 65.324804 | BI59: 65.748075 | BJ59: 65.748075 | BK59: Regulado | BL59: Sim | BM59: Não | BN59: Não | BO59: Não | BP59: Não | BQ59: Não | BR59: Náo se Aplica
A60: CMC&GM | B60: 525404128111413 | C60: MERCK S/A | D60: 1008902020790 | E60: BR1002948 | F60: 7891721014185 | G60: EUTHYROX | H60: 175 MCG COM CT BL AL AL X 50 | I60: LEVOTIROXINA SÓDICA | J60: Positiva | K60: 40.805955 | L60: 41.301584 | M60: 46.931292 | N60: 46.931292 | O60: 49.756382 | P60: 49.756382 | Q60: 50.063457 | R60: 50.063457 | S60: 50.370532 | T60: 50.370532 | U60: 50.984682 | V60: 50.984682 | W60: 51.301992 | X60: 51.301992 | Y60: 51.629539 | Z60: 51.629539 | AA60: 51.94685 | AB60: 51.94685 | AC60: 52.284632 | AD60: 52.284632 | AE60: 52.949962 | AF60: 52.949962 | AG60: 53.287744 | AH60: 53.287744 | AI60: 53.635762 | AJ60: 53.635762 | AK60: 56.246759 | AL60: 56.929932 | AM60: 64.689898 | AN60: 64.689898 | AO60: 68.58399 | AP60: 68.58399 | AQ60: 69.007261 | AR60: 69.007261 | AS60: 69.430532 | AT60: 69.430532 | AU60: 70.277074 | AV60: 70.277074 | AW60: 70.714454 | AX60: 70.714454 | AY60: 71.165942 | AZ60: 71.165942 | BA60: 71.603322 | BB60: 71.603322 | BC60: 72.06892 | BD60: 72.06892 | BE60: 72.986007 | BF60: 72.986007 | BG60: 73.451605 | BH60: 73.451605 | BI60: 73.931312 | BJ60: 73.931312 | BK60: Regulado | BL60: Não | BM60: Não | BN60: Não | BO60: Não | BP60: Não | BQ60: Não | BR60: Náo se Aplica
A61: CMC&GM | B61: 525404128111413 | C61: MERCK S/A | D61: 1008902020790 | E61: 3450290002 | F61: 7891721014185 | G61: EUTHYROX | H61: 175 MCG COM CT BL AL AL X 50 | I61: LEVOTIROXINA SÓDICA | J61: Positiva | K61: 40.805955 | L61: 41.301584 | M61: 46.931292 | N61: 46.931292 | O61: 49.756382 | P61: 49.756382 | Q61: 50.063457 | R61: 50.063457 | S61: 50.370532 | T61: 50.370532 | U61: 50.984682 | V61: 50.984682 | W61: 51.301992 | X61: 51.301992 | Y61: 51.629539 | Z61: 51.629539 | AA61: 51.94685 | AB61: 51.94685 | AC61: 52.284632 | AD61: 52.284632 | AE61: 52.949962 | AF61: 52.949962 | AG61: 53.287744 | AH61: 53.287744 | AI61: 53.635762 | AJ61: 53.635762 | AK61: 56.246759 | AL61: 56.929932 | AM61: 64.689898 | AN61: 64.689898 | AO61: 68.58399 | AP61: 68.58399 | AQ61: 69.007261 | AR61: 69.007261 | AS61: 69.430532 | AT61: 69.430532 | AU61: 70.277074 | AV61: 70.277074 | AW61: 70.714454 | AX61: 70.714454 | AY61: 71.165942 | AZ61: 71.165942 | BA61: 71.603322 | BB61: 71.603322 | BC61: 72.06892 | BD61: 72.06892 | BE61: 72.986007 | BF61: 72.986007 | BG61: 73.451605 | BH61: 73.451605 | BI61: 73.931312 | BJ61: 73.931312 | BK61: Regulado | BL61: Não | BM61: Não | BN61: Não | BO61: Não | BP61: Não | BQ61: Não | BR61: Náo se Aplica
A62: CMC&GM | B62: 525404125112419 | C62: MERCK S/A | D62: 1008902020707 | E62: BR1002942 | F62: 7891721014239 | G62: EUTHYROX | H62: 100 MCG COM CT BL AL AL X 50 | I62: LEVOTIROXINA SÓDICA | J62: Positiva | K62: 30.258096 | L62: 30.625611 | M62: 34.80183 | N62: 34.80183 | O62: 36.900176 | P62: 36.900176 | Q62: 37.125364 | R62: 37.125364 | S62: 37.350553 | T62: 37.350553 | U62: 37.811165 | V62: 37.811165 | W62: 38.046589 | X62: 38.046589 | Y62: 38.282014 | Z62: 38.282014 | AA62: 38.527674 | AB62: 38.527674 | AC62: 38.763098 | AD62: 38.763098 | AE62: 39.264653 | AF62: 39.264653 | AG62: 39.520549 | AH62: 39.520549 | AI62: 39.776445 | AJ62: 39.776445 | AK62: 41.707634 | AL62: 42.214215 | AM62: 47.970699 | AN62: 47.970699 | AO62: 50.86305 | AP62: 50.86305 | AQ62: 51.173448 | AR62: 51.173448 | AS62: 51.483847 | AT62: 51.483847 | AU62: 52.118753 | AV62: 52.118753 | AW62: 52.443261 | AX62: 52.443261 | AY62: 52.767769 | AZ62: 52.767769 | BA62: 53.106385 | BB62: 53.106385 | BC62: 53.430893 | BD62: 53.430893 | BE62: 54.122235 | BF62: 54.122235 | BG62: 54.474961 | BH62: 54.474961 | BI62: 54.827687 | BJ62: 54.827687 | BK62: Regulado | BL62: Sim | BM62: Não | BN62: Não | BO62: Não | BP62: Não | BQ62: Não | BR62: Náo se Aplica
A63: CMC&GM | B63: 525404125112419 | C63: MERCK S/A | D63: 1008902020707 | E63: 3013940003 | F63: 7891721028601 | G63: EUTHYROX | H63: 100 MCG COM CT BL AL AL X 50 | I63: LEVOTIROXINA SÓDICA | J63: Positiva | K63: 30.258096 | L63: 30.625611 | M63: 34.80183 | N63: 34.80183 | O63: 36.900176 | P63: 36.900176 | Q63: 37.125364 | R63: 37.125364 | S63: 37.350553 | T63: 37.350553 | U63: 37.811165 | V63: 37.811165 | W63: 38.046589 | X63: 38.046589 | Y63: 38.282014 | Z63: 38.282014 | AA63: 38.527674 | AB63: 38.527674 | AC63: 38.763098 | AD63: 38.763098 | AE63: 39.264653 | AF63: 39.264653 | AG63: 39.520549 | AH63: 39.520549 | AI63: 39.776445 | AJ63: 39.776445 | AK63: 41.707634 | AL63: 42.214215 | AM63: 47.970699 | AN63: 47.970699 | AO63: 50.86305 | AP63: 50.86305 | AQ63: 51.173448 | AR63: 51.173448 | AS63: 51.483847 | AT63: 51.483847 | AU63: 52.118753 | AV63: 52.118753 | AW63: 52.443261 | AX63: 52.443261 | AY63: 52.767769 | AZ63: 52.767769 | BA63: 53.106385 | BB63: 53.106385 | BC63: 53.430893 | BD63: 53.430893 | BE63: 54.122235 | BF63: 54.122235 | BG63: 54.474961 | BH63: 54.474961 | BI63: 54.827687 | BJ63: 54.827687 | BK63: Regulado | BL63: Sim | BM63: Não | BN63: Não | BO63: Não | BP63: Não | BQ63: Não | BR63: Náo se Aplica
A64: CMC&GM | B64: 525404125112419 | C64: MERCK S/A | D64: 1008902020707 | E64: 3450240004 | F64: 7891721014239 | G64: EUTHYROX | H64: 100 MCG COM CT BL AL AL X 50 | I64: LEVOTIROXINA SÓDICA | J64: Positiva | K64: 30.258096 | L64: 30.625611 | M64: 34.80183 | N64: 34.80183 | O64: 36.900176 | P64: 36.900176 | Q64: 37.125364 | R64: 37.125364 | S64: 37.350553 | T64: 37.350553 | U64: 37.811165 | V64: 37.811165 | W64: 38.046589 | X64: 38.046589 | Y64: 38.282014 | Z64: 38.282014 | AA64: 38.527674 | AB64: 38.527674 | AC64: 38.763098 | AD64: 38.763098 | AE64: 39.264653 | AF64: 39.264653 | AG64: 39.520549 | AH64: 39.520549 | AI64: 39.776445 | AJ64: 39.776445 | AK64: 41.707634 | AL64: 42.214215 | AM64: 47.970699 | AN64: 47.970699 | AO64: 50.86305 | AP64: 50.86305 | AQ64: 51.173448 | AR64: 51.173448 | AS64: 51.483847 | AT64: 51.483847 | AU64: 52.118753 | AV64: 52.118753 | AW64: 52.443261 | AX64: 52.443261 | AY64: 52.767769 | AZ64: 52.767769 | BA64: 53.106385 | BB64: 53.106385 | BC64: 53.430893 | BD64: 53.430893 | BE64: 54.122235 | BF64: 54.122235 | BG64: 54.474961 | BH64: 54.474961 | BI64: 54.827687 | BJ64: 54.827687 | BK64: Regulado | BL64: Sim | BM64: Não | BN64: Não | BO64: Não | BP64: Não | BQ64: Não | BR64: Náo se Aplica
A65: CMC&GM | B65: 525404125112419 | C65: MERCK S/A | D65: 1008902020707 | E65: 3450240005 | F65: 7891721028601 | G65: EUTHYROX | H65: 100 MCG COM CT BL AL AL X 50 | I65: LEVOTIROXINA SÓDICA | J65: Positiva | K65: 30.258096 | L65: 30.625611 | M65: 34.80183 | N65: 34.80183 | O65: 36.900176 | P65: 36.900176 | Q65: 37.125364 | R65: 37.125364 | S65: 37.350553 | T65: 37.350553 | U65: 37.811165 | V65: 37.811165 | W65: 38.046589 | X65: 38.046589 | Y65: 38.282014 | Z65: 38.282014 | AA65: 38.527674 | AB65: 38.527674 | AC65: 38.763098 | AD65: 38.763098 | AE65: 39.264653 | AF65: 39.264653 | AG65: 39.520549 | AH65: 39.520549 | AI65: 39.776445 | AJ65: 39.776445 | AK65: 41.707634 | AL65: 42.214215 | AM65: 47.970699 | AN65: 47.970699 | AO65: 50.86305 | AP65: 50.86305 | AQ65: 51.173448 | AR65: 51.173448 | AS65: 51.483847 | AT65: 51.483847 | AU65: 52.118753 | AV65: 52.118753 | AW65: 52.443261 | AX65: 52.443261 | AY65: 52.767769 | AZ65: 52.767769 | BA65: 53.106385 | BB65: 53.106385 | BC65: 53.430893 | BD65: 53.430893 | BE65: 54.122235 | BF65: 54.122235 | BG65: 54.474961 | BH65: 54.474961 | BI65: 54.827687 | BJ65: 54.827687 | BK65: Regulado | BL65: Sim | BM65: Não | BN65: Não | BO65: Não | BP65: Não | BQ65: Não | BR65: Náo se Aplica
A66: CMC&GM | B66: 525404130116419 | C66: MERCK S/A | D66: 1008902020618 | E66: BR1002936 | F66: 7891721014642 | G66: EUTHYROX | H66: 25 MCG COM CT BL AL AL X 50 | I66: LEVOTIROXINA SÓDICA | J66: Positiva | K66: 23.148657 | L66: 23.429821 | M66: 26.6234 | N66: 26.6234 | O66: 28.230426 | P66: 28.230426 | Q66: 28.404435 | R66: 28.404435 | S66: 28.568209 | T66: 28.568209 | U66: 28.926463 | V66: 28.926463 | W66: 29.100472 | X66: 29.100472 | Y66: 29.284717 | Z66: 29.284717 | AA66: 29.468962 | AB66: 29.468962 | AC66: 29.653207 | AD66: 29.653207 | AE66: 30.042168 | AF66: 30.042168 | AG66: 30.236649 | AH66: 30.236649 | AI66: 30.43113 | AJ66: 30.43113 | AK66: 31.908013 | AL66: 32.295567 | AM66: 36.697585 | AN66: 36.697585 | AO66: 38.912702 | AP66: 38.912702 | AQ66: 39.152556 | AR66: 39.152556 | AS66: 39.3783 | AT66: 39.3783 | AU66: 39.872116 | AV66: 39.872116 | AW66: 40.11197 | AX66: 40.11197 | AY66: 40.365932 | AZ66: 40.365932 | BA66: 40.619895 | BB66: 40.619895 | BC66: 40.873857 | BD66: 40.873857 | BE66: 41.41 | BF66: 41.41 | BG66: 41.678072 | BH66: 41.678072 | BI66: 41.946143 | BJ66: 41.946143 | BK66: Regulado | BL66: Sim | BM66: Não | BN66: Não | BO66: Sim | BP66: Não | BQ66: Não | BR66: Náo se Aplica
A67: CMC&GM | B67: 525404130116419 | C67: MERCK S/A | D67: 1008902020618 | E67: 3013910003 | F67: 7891721028588 | G67: EUTHYROX | H67: 25 MCG COM CT BL AL AL X 50 | I67: LEVOTIROXINA SÓDICA | J67: Positiva | K67: 23.148657 | L67: 23.429821 | M67: 26.6234 | N67: 26.6234 | O67: 28.230426 | P67: 28.230426 | Q67: 28.404435 | R67: 28.404435 | S67: 28.568209 | T67: 28.568209 | U67: 28.926463 | V67: 28.926463 | W67: 29.100472 | X67: 29.100472 | Y67: 29.284717 | Z67: 29.284717 | AA67: 29.468962 | AB67: 29.468962 | AC67: 29.653207 | AD67: 29.653207 | AE67: 30.042168 | AF67: 30.042168 | AG67: 30.236649 | AH67: 30.236649 | AI67: 30.43113 | AJ67: 30.43113 | AK67: 31.908013 | AL67: 32.295567 | AM67: 36.697585 | AN67: 36.697585 | AO67: 38.912702 | AP67: 38.912702 | AQ67: 39.152556 | AR67: 39.152556 | AS67: 39.3783 | AT67: 39.3783 | AU67: 39.872116 | AV67: 39.872116 | AW67: 40.11197 | AX67: 40.11197 | AY67: 40.365932 | AZ67: 40.365932 | BA67: 40.619895 | BB67: 40.619895 | BC67: 40.873857 | BD67: 40.873857 | BE67: 41.41 | BF67: 41.41 | BG67: 41.678072 | BH67: 41.678072 | BI67: 41.946143 | BJ67: 41.946143 | BK67: Regulado | BL67: Sim | BM67: Não | BN67: Não | BO67: Sim | BP67: Não | BQ67: Não | BR67: Náo se Aplica
A68: CMC&GM | B68: 525404130116419 | C68: MERCK S/A | D68: 1008902020618 | E68: 3450200004 | F68: 7891721028588 | G68: EUTHYROX | H68: 25 MCG COM CT BL AL AL X 50 | I68: LEVOTIROXINA SÓDICA | J68: Positiva | K68: 23.148657 | L68: 23.429821 | M68: 26.6234 | N68: 26.6234 | O68: 28.230426 | P68: 28.230426 | Q68: 28.404435 | R68: 28.404435 | S68: 28.568209 | T68: 28.568209 | U68: 28.926463 | V68: 28.926463 | W68: 29.100472 | X68: 29.100472 | Y68: 29.284717 | Z68: 29.284717 | AA68: 29.468962 | AB68: 29.468962 | AC68: 29.653207 | AD68: 29.653207 | AE68: 30.042168 | AF68: 30.042168 | AG68: 30.236649 | AH68: 30.236649 | AI68: 30.43113 | AJ68: 30.43113 | AK68: 31.908013 | AL68: 32.295567 | AM68: 36.697585 | AN68: 36.697585 | AO68: 38.912702 | AP68: 38.912702 | AQ68: 39.152556 | AR68: 39.152556 | AS68: 39.3783 | AT68: 39.3783 | AU68: 39.872116 | AV68: 39.872116 | AW68: 40.11197 | AX68: 40.11197 | AY68: 40.365932 | AZ68: 40.365932 | BA68: 40.619895 | BB68: 40.619895 | BC68: 40.873857 | BD68: 40.873857 | BE68: 41.41 | BF68: 41.41 | BG68: 41.678072 | BH68: 41.678072 | BI68: 41.946143 | BJ68: 41.946143 | BK68: Regulado | BL68: Sim | BM68: Não | BN68: Não | BO68: Sim | BP68: Não | BQ68: Não | BR68: Náo se Aplica
A69: CMC&GM | B69: 525404130116419 | C69: MERCK S/A | D69: 1008902020618 | E69: 3450200005 | F69: 7891721014642 | G69: EUTHYROX | H69: 25 MCG COM CT BL AL AL X 50 | I69: LEVOTIROXINA SÓDICA | J69: Positiva | K69: 23.148657 | L69: 23.429821 | M69: 26.6234 | N69: 26.6234 | O69: 28.230426 | P69: 28.230426 | Q69: 28.404435 | R69: 28.404435 | S69: 28.568209 | T69: 28.568209 | U69: 28.926463 | V69: 28.926463 | W69: 29.100472 | X69: 29.100472 | Y69: 29.284717 | Z69: 29.284717 | AA69: 29.468962 | AB69: 29.468962 | AC69: 29.653207 | AD69: 29.653207 | AE69: 30.042168 | AF69: 30.042168 | AG69: 30.236649 | AH69: 30.236649 | AI69: 30.43113 | AJ69: 30.43113 | AK69: 31.908013 | AL69: 32.295567 | AM69: 36.697585 | AN69: 36.697585 | AO69: 38.912702 | AP69: 38.912702 | AQ69: 39.152556 | AR69: 39.152556 | AS69: 39.3783 | AT69: 39.3783 | AU69: 39.872116 | AV69: 39.872116 | AW69: 40.11197 | AX69: 40.11197 | AY69: 40.365932 | AZ69: 40.365932 | BA69: 40.619895 | BB69: 40.619895 | BC69: 40.873857 | BD69: 40.873857 | BE69: 41.41 | BF69: 41.41 | BG69: 41.678072 | BH69: 41.678072 | BI69: 41.946143 | BJ69: 41.946143 | BK69: Regulado | BL69: Sim | BM69: Não | BN69: Não | BO69: Sim | BP69: Não | BQ69: Não | BR69: Náo se Aplica
A70: CMC&GM | B70: 525404131112417 | C70: MERCK S/A | D70: 1008902020642 | E70: BR1002938 | F70: 7891721014697 | G70: EUTHYROX | H70: 50 MCG COM CT BL AL AL X 50 | I70: LEVOTIROXINA SÓDICA | J70: Positiva | K70: 26.485947 | L70: 26.807645 | M70: 30.461838 | N70: 30.461838 | O70: 32.294052 | P70: 32.294052 | Q70: 32.498768 | R70: 32.498768 | S70: 32.693249 | T70: 32.693249 | U70: 33.092446 | V70: 33.092446 | W70: 33.297163 | X70: 33.297163 | Y70: 33.512116 | Z70: 33.512116 | AA70: 33.716832 | AB70: 33.716832 | AC70: 33.931785 | AD70: 33.931785 | AE70: 34.371926 | AF70: 34.371926 | AG70: 34.586878 | AH70: 34.586878 | AI70: 34.812066 | AJ70: 34.812066 | AK70: 36.508119 | AL70: 36.951547 | AM70: 41.98847 | AN70: 41.98847 | AO70: 44.513987 | AP70: 44.513987 | AQ70: 44.796167 | AR70: 44.796167 | AS70: 45.064239 | AT70: 45.064239 | AU70: 45.614491 | AV70: 45.614491 | AW70: 45.896671 | AX70: 45.896671 | AY70: 46.192961 | AZ70: 46.192961 | BA70: 46.475142 | BB70: 46.475142 | BC70: 46.771431 | BD70: 46.771431 | BE70: 47.37812 | BF70: 47.37812 | BG70: 47.674409 | BH70: 47.674409 | BI70: 47.984808 | BJ70: 47.984808 | BK70: Regulado | BL70: Sim | BM70: Não | BN70: Não | BO70: Sim | BP70: Não | BQ70: Não | BR70: Náo se Aplica
A71: CMC&GM | B71: 525404131112417 | C71: MERCK S/A | D71: 1008902020642 | E71: 3013920002 | F71: 7891721028595 | G71: EUTHYROX | H71: 50 MCG COM CT BL AL AL X 50 | I71: LEVOTIROXINA SÓDICA | J71: Positiva | K71: 26.485947 | L71: 26.807645 | M71: 30.461838 | N71: 30.461838 | O71: 32.294052 | P71: 32.294052 | Q71: 32.498768 | R71: 32.498768 | S71: 32.693249 | T71: 32.693249 | U71: 33.092446 | V71: 33.092446 | W71: 33.297163 | X71: 33.297163 | Y71: 33.512116 | Z71: 33.512116 | AA71: 33.716832 | AB71: 33.716832 | AC71: 33.931785 | AD71: 33.931785 | AE71: 34.371926 | AF71: 34.371926 | AG71: 34.586878 | AH71: 34.586878 | AI71: 34.812066 | AJ71: 34.812066 | AK71: 36.508119 | AL71: 36.951547 | AM71: 41.98847 | AN71: 41.98847 | AO71: 44.513987 | AP71: 44.513987 | AQ71: 44.796167 | AR71: 44.796167 | AS71: 45.064239 | AT71: 45.064239 | AU71: 45.614491 | AV71: 45.614491 | AW71: 45.896671 | AX71: 45.896671 | AY71: 46.192961 | AZ71: 46.192961 | BA71: 46.475142 | BB71: 46.475142 | BC71: 46.771431 | BD71: 46.771431 | BE71: 47.37812 | BF71: 47.37812 | BG71: 47.674409 | BH71: 47.674409 | BI71: 47.984808 | BJ71: 47.984808 | BK71: Regulado | BL71: Sim | BM71: Não | BN71: Não | BO71: Sim | BP71: Não | BQ71: Não | BR71: Náo se Aplica
A72: CMC&GM | B72: 525404131112417 | C72: MERCK S/A | D72: 1008902020642 | E72: 3450210004 | F72: 7891721014697 | G72: EUTHYROX | H72: 50 MCG COM CT BL AL AL X 50 | I72: LEVOTIROXINA SÓDICA | J72: Positiva | K72: 26.485947 | L72: 26.807645 | M72: 30.461838 | N72: 30.461838 | O72: 32.294052 | P72: 32.294052 | Q72: 32.498768 | R72: 32.498768 | S72: 32.693249 | T72: 32.693249 | U72: 33.092446 | V72: 33.092446 | W72: 33.297163 | X72: 33.297163 | Y72: 33.512116 | Z72: 33.512116 | AA72: 33.716832 | AB72: 33.716832 | AC72: 33.931785 | AD72: 33.931785 | AE72: 34.371926 | AF72: 34.371926 | AG72: 34.586878 | AH72: 34.586878 | AI72: 34.812066 | AJ72: 34.812066 | AK72: 36.508119 | AL72: 36.951547 | AM72: 41.98847 | AN72: 41.98847 | AO72: 44.513987 | AP72: 44.513987 | AQ72: 44.796167 | AR72: 44.796167 | AS72: 45.064239 | AT72: 45.064239 | AU72: 45.614491 | AV72: 45.614491 | AW72: 45.896671 | AX72: 45.896671 | AY72: 46.192961 | AZ72: 46.192961 | BA72: 46.475142 | BB72: 46.475142 | BC72: 46.771431 | BD72: 46.771431 | BE72: 47.37812 | BF72: 47.37812 | BG72: 47.674409 | BH72: 47.674409 | BI72: 47.984808 | BJ72: 47.984808 | BK72: Regulado | BL72: Sim | BM72: Não | BN72: Não | BO72: Sim | BP72: Não | BQ72: Não | BR72: Náo se Aplica
A73: CMC&GM | B73: 525404131112417 | C73: MERCK S/A | D73: 1008902020642 | E73: 3450210005 | F73: 7891721028595 | G73: EUTHYROX | H73: 50 MCG COM CT BL AL AL X 50 | I73: LEVOTIROXINA SÓDICA | J73: Positiva | K73: 26.485947 | L73: 26.807645 | M73: 30.461838 | N73: 30.461838 | O73: 32.294052 | P73: 32.294052 | Q73: 32.498768 | R73: 32.498768 | S73: 32.693249 | T73: 32.693249 | U73: 33.092446 | V73: 33.092446 | W73: 33.297163 | X73: 33.297163 | Y73: 33.512116 | Z73: 33.512116 | AA73: 33.716832 | AB73: 33.716832 | AC73: 33.931785 | AD73: 33.931785 | AE73: 34.371926 | AF73: 34.371926 | AG73: 34.586878 | AH73: 34.586878 | AI73: 34.812066 | AJ73: 34.812066 | AK73: 36.508119 | AL73: 36.951547 | AM73: 41.98847 | AN73: 41.98847 | AO73: 44.513987 | AP73: 44.513987 | AQ73: 44.796167 | AR73: 44.796167 | AS73: 45.064239 | AT73: 45.064239 | AU73: 45.614491 | AV73: 45.614491 | AW73: 45.896671 | AX73: 45.896671 | AY73: 46.192961 | AZ73: 46.192961 | BA73: 46.475142 | BB73: 46.475142 | BC73: 46.771431 | BD73: 46.771431 | BE73: 47.37812 | BF73: 47.37812 | BG73: 47.674409 | BH73: 47.674409 | BI73: 47.984808 | BJ73: 47.984808 | BK73: Regulado | BL73: Sim | BM73: Não | BN73: Não | BO73: Sim | BP73: Não | BQ73: Não | BR73: Náo se Aplica
A74: CMC&GM | B74: 525404132119415 | C74: MERCK S/A | D74: 1008902020677 | E74: BR1002940 | F74: 7891721014741 | G74: EUTHYROX | H74: 75 MCG COM CT BL AL AL X 50 | I74: LEVOTIROXINA SÓDICA | J74: Positiva | K74: 29.277135 | L74: 29.632735 | M74: 33.675889 | N74: 33.675889 | O74: 35.702584 | P74: 35.702584 | Q74: 35.917536 | R74: 35.917536 | S74: 36.132489 | T74: 36.132489 | U74: 36.582865 | V74: 36.582865 | W74: 36.808054 | X74: 36.808054 | Y74: 37.043478 | Z74: 37.043478 | AA74: 37.278902 | AB74: 37.278902 | AC74: 37.514326 | AD74: 37.514326 | AE74: 37.99541 | AF74: 37.99541 | AG74: 38.230834 | AH74: 38.230834 | AI74: 38.48673 | AJ74: 38.48673 | AK74: 40.355481 | AL74: 40.845639 | AM74: 46.418706 | AN74: 46.418706 | AO74: 49.212293 | AP74: 49.212293 | AQ74: 49.508583 | AR74: 49.508583 | AS74: 49.804873 | AT74: 49.804873 | AU74: 50.42567 | AV74: 50.42567 | AW74: 50.736068 | AX74: 50.736068 | AY74: 51.060576 | AZ74: 51.060576 | BA74: 51.385084 | BB74: 51.385084 | BC74: 51.709591 | BD74: 51.709591 | BE74: 52.372716 | BF74: 52.372716 | BG74: 52.697223 | BH74: 52.697223 | BI74: 53.049949 | BJ74: 53.049949 | BK74: Regulado | BL74: Não | BM74: Não | BN74: Não | BO74: Não | BP74: Não | BQ74: Não | BR74: Náo se Aplica
A75: CMC&GM | B75: 525404132119415 | C75: MERCK S/A | D75: 1008902020677 | E75: 3450220004 | F75: 7891721014741 | G75: EUTHYROX | H75: 75 MCG COM CT BL AL AL X 50 | I75: LEVOTIROXINA SÓDICA | J75: Positiva | K75: 29.277135 | L75: 29.632735 | M75: 33.675889 | N75: 33.675889 | O75: 35.702584 | P75: 35.702584 | Q75: 35.917536 | R75: 35.917536 | S75: 36.132489 | T75: 36.132489 | U75: 36.582865 | V75: 36.582865 | W75: 36.808054 | X75: 36.808054 | Y75: 37.043478 | Z75: 37.043478 | AA75: 37.278902 | AB75: 37.278902 | AC75: 37.514326 | AD75: 37.514326 | AE75: 37.99541 | AF75: 37.99541 | AG75: 38.230834 | AH75: 38.230834 | AI75: 38.48673 | AJ75: 38.48673 | AK75: 40.355481 | AL75: 40.845639 | AM75: 46.418706 | AN75: 46.418706 | AO75: 49.212293 | AP75: 49.212293 | AQ75: 49.508583 | AR75: 49.508583 | AS75: 49.804873 | AT75: 49.804873 | AU75: 50.42567 | AV75: 50.42567 | AW75: 50.736068 | AX75: 50.736068 | AY75: 51.060576 | AZ75: 51.060576 | BA75: 51.385084 | BB75: 51.385084 | BC75: 51.709591 | BD75: 51.709591 | BE75: 52.372716 | BF75: 52.372716 | BG75: 52.697223 | BH75: 52.697223 | BI75: 53.049949 | BJ75: 53.049949 | BK75: Regulado | BL75: Não | BM75: Não | BN75: Não | BO75: Não | BP75: Não | BQ75: Não | BR75: Náo se Aplica
A76: CMC&GM | B76: 525404129118411 | C76: MERCK S/A | D76: 1008902020820 | E76: BR1002950 | F76: 7891721014796 | G76: EUTHYROX | H76: 200 MCG COM CT BL AL AL X 50 | I76: LEVOTIROXINA SÓDICA | J76: Positiva | K76: 44.911833 | L76: 45.457332 | M76: 51.660247 | N76: 51.660247 | O76: 54.77194 | P76: 54.77194 | Q76: 55.099486 | R76: 55.099486 | S76: 55.437269 | T76: 55.437269 | U76: 56.12307 | V76: 56.12307 | W76: 56.471088 | X76: 56.471088 | Y76: 56.819106 | Z76: 56.819106 | AA76: 57.17736 | AB76: 57.17736 | AC76: 57.54585 | AD76: 57.54585 | AE76: 58.28283 | AF76: 58.28283 | AG76: 58.65132 | AH76: 58.65132 | AI76: 59.040282 | AJ76: 59.040282 | AK76: 61.906284 | AL76: 62.658198 | AM76: 71.20827 | AN76: 71.20827 | AO76: 75.497414 | AP76: 75.497414 | AQ76: 75.948903 | AR76: 75.948903 | AS76: 76.414501 | AT76: 76.414501 | AU76: 77.359806 | AV76: 77.359806 | AW76: 77.839513 | AX76: 77.839513 | AY76: 78.31922 | AZ76: 78.31922 | BA76: 78.813036 | BB76: 78.813036 | BC76: 79.320961 | BD76: 79.320961 | BE76: 80.336811 | BF76: 80.336811 | BG76: 80.844736 | BH76: 80.844736 | BI76: 81.38088 | BJ76: 81.38088 | BK76: Regulado | BL76: Não | BM76: Não | BN76: Não | BO76: Não | BP76: Não | BQ76: Não | BR76: Náo se Aplica
A77: CMC&GM | B77: 525404129118411 | C77: MERCK S/A | D77: 1008902020820 | E77: 3450300002 | F77: 7891721014796 | G77: EUTHYROX | H77: 200 MCG COM CT BL AL AL X 50 | I77: LEVOTIROXINA SÓDICA | J77: Positiva | K77: 44.911833 | L77: 45.457332 | M77: 51.660247 | N77: 51.660247 | O77: 54.77194 | P77: 54.77194 | Q77: 55.099486 | R77: 55.099486 | S77: 55.437269 | T77: 55.437269 | U77: 56.12307 | V77: 56.12307 | W77: 56.471088 | X77: 56.471088 | Y77: 56.819106 | Z77: 56.819106 | AA77: 57.17736 | AB77: 57.17736 | AC77: 57.54585 | AD77: 57.54585 | AE77: 58.28283 | AF77: 58.28283 | AG77: 58.65132 | AH77: 58.65132 | AI77: 59.040282 | AJ77: 59.040282 | AK77: 61.906284 | AL77: 62.658198 | AM77: 71.20827 | AN77: 71.20827 | AO77: 75.497414 | AP77: 75.497414 | AQ77: 75.948903 | AR77: 75.948903 | AS77: 76.414501 | AT77: 76.414501 | AU77: 77.359806 | AV77: 77.359806 | AW77: 77.839513 | AX77: 77.839513 | AY77: 78.31922 | AZ77: 78.31922 | BA77: 78.813036 | BB77: 78.813036 | BC77: 79.320961 | BD77: 79.320961 | BE77: 80.336811 | BF77: 80.336811 | BG77: 80.844736 | BH77: 80.844736 | BI77: 81.38088 | BJ77: 81.38088 | BK77: Regulado | BL77: Não | BM77: Não | BN77: Não | BO77: Não | BP77: Não | BQ77: Não | BR77: Náo se Aplica
A78: CMC&GM | B78: 525404134111411 | C78: MERCK S/A | D78: 1008902021347 | E78: BR1002966 | F78: 7891721014963 | G78: EUTHYROX | H78: 88 MCG COM CT BL AL AL X 50 | I78: LEVOTIROXINA SÓDICA | J78: Positiva | K78: 26.769111 | L78: 27.094249 | M78: 30.789384 | N78: 30.789384 | O78: 32.64207 | P78: 32.64207 | Q78: 32.836551 | R78: 32.836551 | S78: 33.041267 | T78: 33.041267 | U78: 33.450701 | V78: 33.450701 | W78: 33.655417 | X78: 33.655417 | Y78: 33.87037 | Z78: 33.87037 | AA78: 34.085322 | AB78: 34.085322 | AC78: 34.300275 | AD78: 34.300275 | AE78: 34.740415 | AF78: 34.740415 | AG78: 34.955368 | AH78: 34.955368 | AI78: 35.190792 | AJ78: 35.190792 | AK78: 36.898432 | AL78: 37.3466 | AM78: 42.439959 | AN78: 42.439959 | AO78: 44.993694 | AP78: 44.993694 | AQ78: 45.261765 | AR78: 45.261765 | AS78: 45.543946 | AT78: 45.543946 | AU78: 46.108307 | AV78: 46.108307 | AW78: 46.390487 | AX78: 46.390487 | AY78: 46.686777 | AZ78: 46.686777 | BA78: 46.983067 | BB78: 46.983067 | BC78: 47.279356 | BD78: 47.279356 | BE78: 47.886045 | BF78: 47.886045 | BG78: 48.182334 | BH78: 48.182334 | BI78: 48.506842 | BJ78: 48.506842 | BK78: Regulado | BL78: Não | BM78: Não | BN78: Não | BO78: Não | BP78: Não | BQ78: Não | BR78: Náo se Aplica
A79: CMC&GM | B79: 525404134111411 | C79: MERCK S/A | D79: 1008902021347 | E79: 3450230004 | F79: 7891721014963 | G79: EUTHYROX | H79: 88 MCG COM CT BL AL AL X 50 | I79: LEVOTIROXINA SÓDICA | J79: Positiva | K79: 26.769111 | L79: 27.094249 | M79: 30.789384 | N79: 30.789384 | O79: 32.64207 | P79: 32.64207 | Q79: 32.836551 | R79: 32.836551 | S79: 33.041267 | T79: 33.041267 | U79: 33.450701 | V79: 33.450701 | W79: 33.655417 | X79: 33.655417 | Y79: 33.87037 | Z79: 33.87037 | AA79: 34.085322 | AB79: 34.085322 | AC79: 34.300275 | AD79: 34.300275 | AE79: 34.740415 | AF79: 34.740415 | AG79: 34.955368 | AH79: 34.955368 | AI79: 35.190792 | AJ79: 35.190792 | AK79: 36.898432 | AL79: 37.3466 | AM79: 42.439959 | AN79: 42.439959 | AO79: 44.993694 | AP79: 44.993694 | AQ79: 45.261765 | AR79: 45.261765 | AS79: 45.543946 | AT79: 45.543946 | AU79: 46.108307 | AV79: 46.108307 | AW79: 46.390487 | AX79: 46.390487 | AY79: 46.686777 | AZ79: 46.686777 | BA79: 46.983067 | BB79: 46.983067 | BC79: 47.279356 | BD79: 47.279356 | BE79: 47.886045 | BF79: 47.886045 | BG79: 48.182334 | BH79: 48.182334 | BI79: 48.506842 | BJ79: 48.506842 | BK79: Regulado | BL79: Não | BM79: Não | BN79: Não | BO79: Não | BP79: Não | BQ79: Não | BR79: Náo se Aplica
A80: CMC&GM | B80: 525404133115413 | C80: MERCK S/A | D80: 1008902021398 | E80: BR1002967 | F80: 7891721014987 | G80: EUTHYROX | H80: 112 MCG COM CT BL AL AL X 50 | I80: LEVOTIROXINA SÓDICA | J80: Positiva | K80: 34.101036 | L80: 34.515227 | M80: 39.22371 | N80: 39.22371 | O80: 41.588187 | P80: 41.588187 | Q80: 41.833847 | R80: 41.833847 | S80: 42.089743 | T80: 42.089743 | U80: 42.611771 | V80: 42.611771 | W80: 42.877902 | X80: 42.877902 | Y80: 43.144034 | Z80: 43.144034 | AA80: 43.420401 | AB80: 43.420401 | AC80: 43.686533 | AD80: 43.686533 | AE80: 44.249504 | AF80: 44.249504 | AG80: 44.536107 | AH80: 44.536107 | AI80: 44.822711 | AJ80: 44.822711 | AK80: 47.004727 | AL80: 47.575646 | AM80: 54.065799 | AN80: 54.065799 | AO80: 57.324985 | AP80: 57.324985 | AQ80: 57.663602 | AR80: 57.663602 | AS80: 58.016327 | AT80: 58.016327 | AU80: 58.735888 | AV80: 58.735888 | AW80: 59.102723 | AX80: 59.102723 | AY80: 59.469557 | AZ80: 59.469557 | BA80: 59.850501 | BB80: 59.850501 | BC80: 60.217336 | BD80: 60.217336 | BE80: 60.993333 | BF80: 60.993333 | BG80: 61.388385 | BH80: 61.388385 | BI80: 61.783438 | BJ80: 61.783438 | BK80: Regulado | BL80: Não | BM80: Não | BN80: Não | BO80: Não | BP80: Não | BQ80: Não | BR80: Náo se Aplica
A81: CMC&GM | B81: 525404133115413 | C81: MERCK S/A | D81: 1008902021398 | E81: 3450250002 | F81: 7891721014987 | G81: EUTHYROX | H81: 112 MCG COM CT BL AL AL X 50 | I81: LEVOTIROXINA SÓDICA | J81: Positiva | K81: 34.101036 | L81: 34.515227 | M81: 39.22371 | N81: 39.22371 | O81: 41.588187 | P81: 41.588187 | Q81: 41.833847 | R81: 41.833847 | S81: 42.089743 | T81: 42.089743 | U81: 42.611771 | V81: 42.611771 | W81: 42.877902 | X81: 42.877902 | Y81: 43.144034 | Z81: 43.144034 | AA81: 43.420401 | AB81: 43.420401 | AC81: 43.686533 | AD81: 43.686533 | AE81: 44.249504 | AF81: 44.249504 | AG81: 44.536107 | AH81: 44.536107 | AI81: 44.822711 | AJ81: 44.822711 | AK81: 47.004727 | AL81: 47.575646 | AM81: 54.065799 | AN81: 54.065799 | AO81: 57.324985 | AP81: 57.324985 | AQ81: 57.663602 | AR81: 57.663602 | AS81: 58.016327 | AT81: 58.016327 | AU81: 58.735888 | AV81: 58.735888 | AW81: 59.102723 | AX81: 59.102723 | AY81: 59.469557 | AZ81: 59.469557 | BA81: 59.850501 | BB81: 59.850501 | BC81: 60.217336 | BD81: 60.217336 | BE81: 60.993333 | BF81: 60.993333 | BG81: 61.388385 | BH81: 61.388385 | BI81: 61.783438 | BJ81: 61.783438 | BK81: Regulado | BL81: Não | BM81: Não | BN81: Não | BO81: Não | BP81: Não | BQ81: Não | BR81: Náo se Aplica
A82: CMC&GM | B82: 525404135118312 | C82: MERCK S/A | D82: 1008903590035 | E82: BR1002968 | F82: 7891721015007 | G82: EUTHYROX | H82: 137 MCG COM EST BL AL AL X 50 | I82: LEVOTIROXINA SÓDICA | J82: Positiva | K82: 35.992167 | L82: 36.429328 | M82: 41.393707 | N82: 41.393707 | O82: 43.89125 | P82: 43.89125 | Q82: 44.157381 | R82: 44.157381 | S82: 44.423513 | T82: 44.423513 | U82: 44.976248 | V82: 44.976248 | W82: 45.252615 | X82: 45.252615 | Y82: 45.539219 | Z82: 45.539219 | AA82: 45.825822 | AB82: 45.825822 | AC82: 46.112425 | AD82: 46.112425 | AE82: 46.706104 | AF82: 46.706104 | AG82: 47.002943 | AH82: 47.002943 | AI82: 47.310018 | AJ82: 47.310018 | AK82: 49.611454 | AL82: 50.214034 | AM82: 57.056913 | AN82: 57.056913 | AO82: 60.499517 | AP82: 60.499517 | AQ82: 60.866351 | AR82: 60.866351 | AS82: 61.233186 | AT82: 61.233186 | AU82: 61.995074 | AV82: 61.995074 | AW82: 62.376017 | AX82: 62.376017 | AY82: 62.77107 | AZ82: 62.77107 | BA82: 63.166123 | BB82: 63.166123 | BC82: 63.561176 | BD82: 63.561176 | BE82: 64.3795 | BF82: 64.3795 | BG82: 64.788661 | BH82: 64.788661 | BI82: 65.211932 | BJ82: 65.211932 | BK82: Regulado | BL82: Não | BM82: Não | BN82: Não | BO82: Não | BP82: Não | BQ82: Não | BR82: Náo se Aplica
A83: CMC&GM | B83: 525404135118312 | C83: MERCK S/A | D83: 1008903590035 | E83: 3450270002 | F83: 7891721015007 | G83: EUTHYROX | H83: 137 MCG COM CT BL AL AL X 50 | I83: LEVOTIROXINA SÓDICA | J83: Positiva | K83: 35.992167 | L83: 36.429328 | M83: 41.393707 | N83: 41.393707 | O83: 43.89125 | P83: 43.89125 | Q83: 44.157381 | R83: 44.157381 | S83: 44.423513 | T83: 44.423513 | U83: 44.976248 | V83: 44.976248 | W83: 45.252615 | X83: 45.252615 | Y83: 45.539219 | Z83: 45.539219 | AA83: 45.825822 | AB83: 45.825822 | AC83: 46.112425 | AD83: 46.112425 | AE83: 46.706104 | AF83: 46.706104 | AG83: 47.002943 | AH83: 47.002943 | AI83: 47.310018 | AJ83: 47.310018 | AK83: 49.611454 | AL83: 50.214034 | AM83: 57.056913 | AN83: 57.056913 | AO83: 60.499517 | AP83: 60.499517 | AQ83: 60.866351 | AR83: 60.866351 | AS83: 61.233186 | AT83: 61.233186 | AU83: 61.995074 | AV83: 61.995074 | AW83: 62.376017 | AX83: 62.376017 | AY83: 62.77107 | AZ83: 62.77107 | BA83: 63.166123 | BB83: 63.166123 | BC83: 63.561176 | BD83: 63.561176 | BE83: 64.3795 | BF83: 64.3795 | BG83: 64.788661 | BH83: 64.788661 | BI83: 65.211932 | BJ83: 65.211932 | BK83: Regulado | BL83: Não | BM83: Não | BN83: Não | BO83: Não | BP83: Não | BQ83: Não | BR83: Náo se Aplica
A84: CMC&GM | B84: 525404902119411 | C84: MERCK S/A | D84: 1008901930025 | E84: BR1001411 | F84: 7891721000614 | G84: GLIFAGE | H84: 500 MG COM REV EST BL AL PLAS TRANS X 30 | I84: CLORIDRATO DE METFORMINA | J84: Positiva | K84: 18.2034 | L84: 18.424498 | M84: 20.932277 | N84: 20.932277 | O84: 22.201521 | P84: 22.201521 | Q84: 22.334587 | R84: 22.334587 | S84: 22.467652 | T84: 22.467652 | U84: 22.74402 | V84: 22.74402 | W84: 22.887321 | X84: 22.887321 | Y84: 23.030623 | Z84: 23.030623 | AA84: 23.173925 | AB84: 23.173925 | AC84: 23.317226 | AD84: 23.317226 | AE84: 23.624301 | AF84: 23.624301 | AG84: 23.777839 | AH84: 23.777839 | AI84: 23.931376 | AJ84: 23.931376 | AK84: 25.091491 | AL84: 25.396252 | AM84: 28.852964 | AN84: 28.852964 | AO84: 30.602484 | AP84: 30.602484 | AQ84: 30.785901 | AR84: 30.785901 | AS84: 30.969319 | AT84: 30.969319 | AU84: 31.350263 | AV84: 31.350263 | AW84: 31.547789 | AX84: 31.547789 | AY84: 31.745315 | AZ84: 31.745315 | BA84: 31.942842 | BB84: 31.942842 | BC84: 32.140368 | BD84: 32.140368 | BE84: 32.563639 | BF84: 32.563639 | BG84: 32.775274 | BH84: 32.775274 | BI84: 32.98691 | BJ84: 32.98691 | BK84: Regulado | BL84: Não | BM84: Não | BN84: Sim | BO84: Não | BP84: Não | BQ84: Não | BR84: Diabetes
A85: CMC&GM | B85: 525404903115411 | C85: MERCK S/A | D85: 1008901930017 | E85: BR1008047 | F85: 7891721027437 | G85: GLIFAGE | H85: 850 MG COM REV EST BL AL PLAS TRANS X 30 | I85: CLORIDRATO DE METFORMINA | J85: Positiva | K85: 24.483573 | L85: 24.78095 | M85: 28.158775 | N85: 28.158775 | O85: 29.857923 | P85: 29.857923 | Q85: 30.042168 | R85: 30.042168 | S85: 30.216178 | T85: 30.216178 | U85: 30.594903 | V85: 30.594903 | W85: 30.779148 | X85: 30.779148 | Y85: 30.973629 | Z85: 30.973629 | AA85: 31.16811 | AB85: 31.16811 | AC85: 31.372827 | AD85: 31.372827 | AE85: 31.772024 | AF85: 31.772024 | AG85: 31.976741 | AH85: 31.976741 | AI85: 32.181457 | AJ85: 32.181457 | AK85: 33.748055 | AL85: 34.157959 | AM85: 38.813939 | AN85: 38.813939 | AO85: 41.156038 | AP85: 41.156038 | AQ85: 41.41 | AR85: 41.41 | AS85: 41.649854 | AT85: 41.649854 | AU85: 42.171888 | AV85: 42.171888 | AW85: 42.42585 | AX85: 42.42585 | AY85: 42.693922 | AZ85: 42.693922 | BA85: 42.961993 | BB85: 42.961993 | BC85: 43.244174 | BD85: 43.244174 | BE85: 43.794426 | BF85: 43.794426 | BG85: 44.076607 | BH85: 44.076607 | BI85: 44.358787 | BJ85: 44.358787 | BK85: Regulado | BL85: Sim | BM85: Não | BN85: Sim | BO85: Não | BP85: Não | BQ85: Não | BR85: Diabetes
A86: CMC&GM | B86: 525404901112413 | C86: MERCK S/A | D86: 1008901930051 | E86: BR1004413 | F86: 7891721044137 | G86: GLIFAGE | H86: 1 G COM REV EST BL AL PLAS TRANS X 30 | I86: CLORIDRATO DE METFORMINA | J86: Positiva | K86: 34.768494 | L86: 35.190792 | M86: 39.991398 | N86: 39.991398 | O86: 42.396818 | P86: 42.396818 | Q86: 42.652714 | R86: 42.652714 | S86: 42.918846 | T86: 42.918846 | U86: 43.440873 | V86: 43.440873 | W86: 43.717241 | X86: 43.717241 | Y86: 43.993608 | Z86: 43.993608 | AA86: 44.269976 | AB86: 44.269976 | AC86: 44.546343 | AD86: 44.546343 | AE86: 45.11955 | AF86: 45.11955 | AG86: 45.406153 | AH86: 45.406153 | AI86: 45.702992 | AJ86: 45.702992 | AK86: 47.924748 | AL86: 48.506842 | AM86: 55.123976 | AN86: 55.123976 | AO86: 58.439598 | AP86: 58.439598 | AQ86: 58.792324 | AR86: 58.792324 | AS86: 59.159159 | AT86: 59.159159 | AU86: 59.878719 | AV86: 59.878719 | AW86: 60.259663 | AX86: 60.259663 | AY86: 60.640607 | AZ86: 60.640607 | BA86: 61.021551 | BB86: 61.021551 | BC86: 61.402494 | BD86: 61.402494 | BE86: 62.1926 | BF86: 62.1926 | BG86: 62.587653 | BH86: 62.587653 | BI86: 62.996815 | BJ86: 62.996815 | BK86: Regulado | BL86: Não | BM86: Não | BN86: Não | BO86: Não | BP86: Não | BQ86: Não | BR86: Diabetes
A87: CMC&GM | B87: 525420303119319 | C87: MERCK S/A | D87: 1008903400171 | E87: BR1004409 | F87: 7891721022562 | G87: GLIFAGE XR | H87: 1 G COM LIB PROL CT BL AL PLAS TRANS X 10 | I87: CLORIDRATO DE METFORMINA | J87: Positiva | K87: 11.488368 | L87: 11.627906 | M87: 13.21446 | N87: 13.21446 | O87: 14.012855 | P87: 14.012855 | Q87: 14.094741 | R87: 14.094741 | S87: 14.176628 | T87: 14.176628 | U87: 14.350637 | V87: 14.350637 | W87: 14.44276 | X87: 14.44276 | Y87: 14.534882 | Z87: 14.534882 | AA87: 14.627005 | AB87: 14.627005 | AC87: 14.719127 | AD87: 14.719127 | AE87: 14.903372 | AF87: 14.903372 | AG87: 15.00573 | AH87: 15.00573 | AI87: 15.097853 | AJ87: 15.097853 | AK87: 15.835519 | AL87: 16.027857 | AM87: 18.214756 | AN87: 18.214756 | AO87: 19.315261 | AP87: 19.315261 | AQ87: 19.428133 | AR87: 19.428133 | AS87: 19.541005 | AT87: 19.541005 | AU87: 19.780859 | AV87: 19.780859 | AW87: 19.90784 | AX87: 19.90784 | AY87: 20.034821 | AZ87: 20.034821 | BA87: 20.161803 | BB87: 20.161803 | BC87: 20.288784 | BD87: 20.288784 | BE87: 20.542746 | BF87: 20.542746 | BG87: 20.683837 | BH87: 20.683837 | BI87: 20.810818 | BJ87: 20.810818 | BK87: Regulado | BL87: Não | BM87: Não | BN87: Não | BO87: Não | BP87: Não | BQ87: Não | BR87: Diabetes
A88: CMC&GM | B88: 525420304115317 | C88: MERCK S/A | D88: 1008903400181 | E88: BR1004411 | F88: 7891721022579 | G88: GLIFAGE XR | H88: 1 G COM LIB PROL CT BL AL PLAS TRANS X 30 | I88: CLORIDRATO DE METFORMINA | J88: Positiva | K88: 34.48533 | L88: 34.904189 | M88: 39.663851 | N88: 39.663851 | O88: 42.0488 | P88: 42.0488 | Q88: 42.304696 | R88: 42.304696 | S88: 42.570827 | T88: 42.570827 | U88: 43.092855 | V88: 43.092855 | W88: 43.358986 | X88: 43.358986 | Y88: 43.635354 | Z88: 43.635354 | AA88: 43.901486 | AB88: 43.901486 | AC88: 44.177853 | AD88: 44.177853 | AE88: 44.75106 | AF88: 44.75106 | AG88: 45.037663 | AH88: 45.037663 | AI88: 45.334502 | AJ88: 45.334502 | AK88: 47.534436 | AL88: 48.111789 | AM88: 54.672488 | AN88: 54.672488 | AO88: 57.959891 | AP88: 57.959891 | AQ88: 58.312617 | AR88: 58.312617 | AS88: 58.679452 | AT88: 58.679452 | AU88: 59.399012 | AV88: 59.399012 | AW88: 59.765847 | AX88: 59.765847 | AY88: 60.146791 | AZ88: 60.146791 | BA88: 60.513626 | BB88: 60.513626 | BC88: 60.894569 | BD88: 60.894569 | BE88: 61.684675 | BF88: 61.684675 | BG88: 62.079728 | BH88: 62.079728 | BI88: 62.48889 | BJ88: 62.48889 | BK88: Regulado | BL88: Não | BM88: Não | BN88: Não | BO88: Não | BP88: Não | BQ88: Não | BR88: Diabetes
A89: CMC&GM | B89: 525420301116312 | C89: MERCK S/A | D89: 1008903400090 | E89: BR1008046 | F89: 7891721027444 | G89: GLIFAGE XR | H89: 750 MG COM LIB PROL CT BL AL PLAS TRANS X 10 | I89: CLORIDRATO DE METFORMINA | J89: Positiva | K89: 8.242095 | L89: 8.3422035 | M89: 9.4783809 | N89: 9.4783809 | O89: 10.051588 | P89: 10.051588 | Q89: 10.113003 | R89: 10.113003 | S89: 10.174418 | T89: 10.174418 | U89: 10.297247 | V89: 10.297247 | W89: 10.358662 | X89: 10.358662 | Y89: 10.430313 | Z89: 10.430313 | AA89: 10.491728 | AB89: 10.491728 | AC89: 10.563379 | AD89: 10.563379 | AE89: 10.696445 | AF89: 10.696445 | AG89: 10.768096 | AH89: 10.768096 | AI89: 10.829511 | AJ89: 10.829511 | AK89: 11.36087 | AL89: 11.498859 | AM89: 13.064961 | AN89: 13.064961 | AO89: 13.855067 | AP89: 13.855067 | AQ89: 13.939721 | AR89: 13.939721 | AS89: 14.024375 | AT89: 14.024375 | AU89: 14.193683 | AV89: 14.193683 | AW89: 14.278337 | AX89: 14.278337 | AY89: 14.377101 | AZ89: 14.377101 | BA89: 14.461755 | BB89: 14.461755 | BC89: 14.560518 | BD89: 14.560518 | BE89: 14.743935 | BF89: 14.743935 | BG89: 14.842699 | BH89: 14.842699 | BI89: 14.927353 | BJ89: 14.927353 | BK89: Regulado | BL89: Não | BM89: Não | BN89: Não | BO89: Não | BP89: Não | BQ89: Não | BR89: Diabetes
A90: CMC&GM | B90: 525420302112310 | C90: MERCK S/A | D90: 1008903400120 | E90: BR1008045 | F90: 7891721027451 | G90: GLIFAGE XR | H90: 750 MG COM LIB PROL CT BL AL PLAS TRANS X 30 | I90: CLORIDRATO DE METFORMINA | J90: Positiva | K90: 24.797076 | L90: 25.098261 | M90: 28.517029 | N90: 28.517029 | O90: 30.236649 | P90: 30.236649 | Q90: 30.420894 | R90: 30.420894 | S90: 30.605139 | T90: 30.605139 | U90: 30.983865 | V90: 30.983865 | W90: 31.178346 | X90: 31.178346 | Y90: 31.372827 | Z90: 31.372827 | AA90: 31.567307 | AB90: 31.567307 | AC90: 31.772024 | AD90: 31.772024 | AE90: 32.181457 | AF90: 32.181457 | AG90: 32.386174 | AH90: 32.386174 | AI90: 32.590891 | AJ90: 32.590891 | AK90: 34.180187 | AL90: 34.595339 | AM90: 39.307755 | AN90: 39.307755 | AO90: 41.678072 | AP90: 41.678072 | AQ90: 41.932034 | AR90: 41.932034 | AS90: 42.185997 | AT90: 42.185997 | AU90: 42.708031 | AV90: 42.708031 | AW90: 42.976102 | AX90: 42.976102 | AY90: 43.244174 | AZ90: 43.244174 | BA90: 43.512246 | BB90: 43.512246 | BC90: 43.794426 | BD90: 43.794426 | BE90: 44.358787 | BF90: 44.358787 | BG90: 44.640968 | BH90: 44.640968 | BI90: 44.923148 | BJ90: 44.923148 | BK90: Regulado | BL90: Não | BM90: Não | BN90: Não | BO90: Não | BP90: Não | BQ90: Não | BR90: Diabetes
A91: CMC&GM | B91: 525420305111315 | C91: MERCK S/A | D91: 1008903400031 | E91: BR1008054 | F91: 7891721027468 | G91: GLIFAGE XR | H91: 500 MG COM LIB PROL CT BL AL PLAS TRANS X 30 | I91: CLORIDRATO DE METFORMINA | J91: Positiva | K91: 7.170117 | L91: 7.2572052 | M91: 8.250081 | N91: 8.250081 | O91: 8.741401 | P91: 8.741401 | Q91: 8.7925801 | R91: 8.7925801 | S91: 8.8539951 | T91: 8.8539951 | U91: 8.9563534 | V91: 8.9563534 | W91: 9.0177684 | X91: 9.0177684 | Y91: 9.0689476 | Z91: 9.0689476 | AA91: 9.1303626 | AB91: 9.1303626 | AC91: 9.1815418 | AD91: 9.1815418 | AE91: 9.3043717 | AF91: 9.3043717 | AG91: 9.3657867 | AH91: 9.3657867 | AI91: 9.4272017 | AJ91: 9.4272017 | AK91: 9.8832595 | AL91: 10.003302 | AM91: 11.371877 | AN91: 11.371877 | AO91: 12.049111 | AP91: 12.049111 | AQ91: 12.119656 | AR91: 12.119656 | AS91: 12.20431 | AT91: 12.20431 | AU91: 12.3454 | AV91: 12.3454 | AW91: 12.430055 | AX91: 12.430055 | AY91: 12.5006 | AZ91: 12.5006 | BA91: 12.585254 | BB91: 12.585254 | BC91: 12.655799 | BD91: 12.655799 | BE91: 12.825107 | BF91: 12.825107 | BG91: 12.909762 | BH91: 12.909762 | BI91: 12.994416 | BJ91: 12.994416 | BK91: Regulado | BL91: Sim | BM91: Não | BN91: Sim | BO91: Não | BP91: Não | BQ91: Não | BR91: Diabetes
A92: CMC&GM | B92: 525420305111315 | C92: MERCK S/A | D92: 1008903400031 | E92: 3192020007 | F92: 7891721201806 | G92: GLIFAGE XR | H92: 500 MG COM LIB PROL CT BL AL PLAS TRANS X 30 | I92: CLORIDRATO DE METFORMINA | J92: Positiva | K92: 7.170117 | L92: 7.2572052 | M92: 8.250081 | N92: 8.250081 | O92: 8.741401 | P92: 8.741401 | Q92: 8.7925801 | R92: 8.7925801 | S92: 8.8539951 | T92: 8.8539951 | U92: 8.9563534 | V92: 8.9563534 | W92: 9.0177684 | X92: 9.0177684 | Y92: 9.0689476 | Z92: 9.0689476 | AA92: 9.1303626 | AB92: 9.1303626 | AC92: 9.1815418 | AD92: 9.1815418 | AE92: 9.3043717 | AF92: 9.3043717 | AG92: 9.3657867 | AH92: 9.3657867 | AI92: 9.4272017 | AJ92: 9.4272017 | AK92: 9.8832595 | AL92: 10.003302 | AM92: 11.371877 | AN92: 11.371877 | AO92: 12.049111 | AP92: 12.049111 | AQ92: 12.119656 | AR92: 12.119656 | AS92: 12.20431 | AT92: 12.20431 | AU92: 12.3454 | AV92: 12.3454 | AW92: 12.430055 | AX92: 12.430055 | AY92: 12.5006 | AZ92: 12.5006 | BA92: 12.585254 | BB92: 12.585254 | BC92: 12.655799 | BD92: 12.655799 | BE92: 12.825107 | BF92: 12.825107 | BG92: 12.909762 | BH92: 12.909762 | BI92: 12.994416 | BJ92: 12.994416 | BK92: Regulado | BL92: Sim | BM92: Não | BN92: Sim | BO92: Não | BP92: Não | BQ92: Não | BR92: Diabetes
A93: CMC&GM | B93: 525419050052303 | C93: MERCK S/A | D93: 1008903400236 | E93: 3398230002 | F93: 7891721201530 | G93: GLIFAGE XR | H93: 850 MG COM LIB PROL CT BL AL PLAS TRANS X 30 | I93: CLORIDRATO DE METFORMINA | J93: Positiva | K93: 25.48476 | L93: 25.794298 | M93: 29.315424 | N93: 29.315424 | O93: 31.075987 | P93: 31.075987 | Q93: 31.270468 | R93: 31.270468 | S93: 31.454713 | T93: 31.454713 | U93: 31.843675 | V93: 31.843675 | W93: 32.038156 | X93: 32.038156 | Y93: 32.242872 | Z93: 32.242872 | AA93: 32.447589 | AB93: 32.447589 | AC93: 32.652306 | AD93: 32.652306 | AE93: 33.071975 | AF93: 33.071975 | AG93: 33.286927 | AH93: 33.286927 | AI93: 33.50188 | AJ93: 33.50188 | AK93: 35.128087 | AL93: 35.554753 | AM93: 40.408259 | AN93: 40.408259 | AO93: 42.835012 | AP93: 42.835012 | AQ93: 43.103084 | AR93: 43.103084 | AS93: 43.357046 | AT93: 43.357046 | AU93: 43.893189 | AV93: 43.893189 | AW93: 44.161261 | AX93: 44.161261 | AY93: 44.443441 | AZ93: 44.443441 | BA93: 44.725622 | BB93: 44.725622 | BC93: 45.007803 | BD93: 45.007803 | BE93: 45.586273 | BF93: 45.586273 | BG93: 45.882562 | BH93: 45.882562 | BI93: 46.178852 | BJ93: 46.178852 | BK93: Regulado | BL93: Não | BM93: Não | BN93: Não | BO93: Não | BP93: Não | BQ93: Não | BR93: Diabetes
A94: CMC&GM | B94: 525419050052403 | C94: MERCK S/A | D94: 1008903400228 | E94: 3398230005 | F94: 7891721201547 | G94: GLIFAGE XR | H94: 850 MG COM LIB PROL CT BL AL PLAS TRANS X 10 | I94: CLORIDRATO DE METFORMINA | J94: Positiva | K94: 8.49492 | L94: 8.5980993 | M94: 9.77522 | N94: 9.77522 | O94: 10.358662 | P94: 10.358662 | Q94: 10.420077 | R94: 10.420077 | S94: 10.481492 | T94: 10.481492 | U94: 10.614558 | V94: 10.614558 | W94: 10.675973 | X94: 10.675973 | Y94: 10.747624 | Z94: 10.747624 | AA94: 10.819275 | AB94: 10.819275 | AC94: 10.88069 | AD94: 10.88069 | AE94: 11.023992 | AF94: 11.023992 | AG94: 11.095642 | AH94: 11.095642 | AI94: 11.167293 | AJ94: 11.167293 | AK94: 11.709362 | AL94: 11.851584 | AM94: 13.474123 | AN94: 13.474123 | AO94: 14.278337 | AP94: 14.278337 | AQ94: 14.362992 | AR94: 14.362992 | AS94: 14.447646 | AT94: 14.447646 | AU94: 14.631063 | AV94: 14.631063 | AW94: 14.715717 | AX94: 14.715717 | AY94: 14.81448 | AZ94: 14.81448 | BA94: 14.913244 | BB94: 14.913244 | BC94: 14.997898 | BD94: 14.997898 | BE94: 15.195424 | BF94: 15.195424 | BG94: 15.294187 | BH94: 15.294187 | BI94: 15.392951 | BJ94: 15.392951 | BK94: Regulado | BL94: Não | BM94: Não | BN94: Não | BO94: Não | BP94: Não | BQ94: Não | BR94: Diabetes
A95: CMC&GM | B95: 525420305111315 | C95: MERCK S/A | D95: 1008903400031 | E95: 3192020007 | F95: 7891721201806 | G95: GLIFAGE XR | H95: 500 MG COM LIB PROL CT BL AL PLAS TRANS X 30 | I95: CLORIDRATO DE METFORMINA | J95: Positiva | K95: 7.170117 | L95: 7.2572052 | M95: 8.250081 | N95: 8.250081 | O95: 8.741401 | P95: 8.741401 | Q95: 8.7925801 | R95: 8.7925801 | S95: 8.8539951 | T95: 8.8539951 | U95: 8.9563534 | V95: 8.9563534 | W95: 9.0177684 | X95: 9.0177684 | Y95: 9.0689476 | Z95: 9.0689476 | AA95: 9.1303626 | AB95: 9.1303626 | AC95: 9.1815418 | AD95: 9.1815418 | AE95: 9.3043717 | AF95: 9.3043717 | AG95: 9.3657867 | AH95: 9.3657867 | AI95: 9.4272017 | AJ95: 9.4272017 | AK95: 9.8832595 | AL95: 10.003302 | AM95: 11.371877 | AN95: 11.371877 | AO95: 12.049111 | AP95: 12.049111 | AQ95: 12.119656 | AR95: 12.119656 | AS95: 12.20431 | AT95: 12.20431 | AU95: 12.3454 | AV95: 12.3454 | AW95: 12.430055 | AX95: 12.430055 | AY95: 12.5006 | AZ95: 12.5006 | BA95: 12.585254 | BB95: 12.585254 | BC95: 12.655799 | BD95: 12.655799 | BE95: 12.825107 | BF95: 12.825107 | BG95: 12.909762 | BH95: 12.909762 | BI95: 12.994416 | BJ95: 12.994416 | BK95: Regulado | BL95: Sim | BM95: Não | BN95: Sim | BO95: Não | BP95: Não | BQ95: Não | BR95: Diabetes
A96: CMC&GM | B96: 525418100050005 | C96: MERCK S/A | D96: 1008904040012 | E96: 3298460002 | F96: 7891721029950 | G96: GLIVANCE XR | H96: 500 MG + 30 MG COM LIB PROL CT BL AL PLAS PVDC TRANS X 30 | I96: GLICLAZIDA;CLORIDRATO DE METFORMINA | J96: Negativa | K96: 31.663803 | L96: 35.466291 | M96: 40.300305 | N96: 35.982054 | O96: 42.727425 | P96: 38.156349 | Q96: 42.990363 | R96: 38.378835 | S96: 43.253301 | T96: 38.621547 | U96: 43.78929 | V96: 39.096858 | W96: 44.062341 | X96: 39.33957 | Y96: 44.335392 | Z96: 39.582282 | AA96: 44.608443 | AB96: 39.835107 | AC96: 44.891607 | AD96: 40.087932 | AE96: 45.468048 | AF96: 40.593582 | AG96: 45.761325 | AH96: 40.85652 | AI96: 46.064715 | AJ96: 41.129571 | AK96: 43.779177 | AL96: 47.581665 | AM96: 54.064098 | AN96: 49.745847 | AO96: 57.320484 | AP96: 52.749408 | AQ96: 57.674439 | AR96: 53.052798 | AS96: 58.018281 | AT96: 53.39664 | AU96: 58.746417 | AV96: 54.053985 | AW96: 59.110485 | AX96: 54.387714 | AY96: 59.474553 | AZ96: 54.721443 | BA96: 59.838621 | BB96: 55.065285 | BC96: 60.222915 | BD96: 55.41924 | BE96: 60.991503 | BF96: 56.117037 | BG96: 61.38591 | BH96: 56.481105 | BI96: 61.79043 | BJ96: 56.855286 | BK96: Regulado | BL96: Não | BM96: Não | BN96: Não | BO96: Não | BP96: Não | BQ96: Não | BR96: Diabetes
A97: CMC&GM | B97: 525418100050105 | C97: MERCK S/A | D97: 1008904040020 | E97: 3298460005 | F97: 7891721201660 | G97: GLIVANCE XR | H97: 500 MG + 30 MG COM LIB PROL CT BL AL PLAS PVDC TRANS X 60 | I97: GLICLAZIDA;CLORIDRATO DE METFORMINA | J97: Negativa | K97: 63.357945 | L97: 70.962921 | M97: 80.641062 | N97: 72.00456 | O97: 85.495302 | P97: 76.332924 | Q97: 86.011065 | R97: 76.798122 | S97: 86.536941 | T97: 77.26332 | U97: 87.608919 | V97: 78.224055 | W97: 88.155021 | X97: 78.709479 | Y97: 88.701123 | Z97: 79.194903 | AA97: 89.257338 | AB97: 79.700553 | AC97: 89.823666 | AD97: 80.206203 | AE97: 90.976548 | AF97: 81.227616 | AG97: 91.563102 | AH97: 81.753492 | AI97: 92.159769 | AJ97: 82.289481 | AK97: 87.588693 | AL97: 95.193669 | AM97: 108.17876 | AN97: 99.542259 | AO97: 114.69153 | AP97: 105.52916 | AQ97: 115.37922 | AR97: 106.16627 | AS97: 116.08713 | AT97: 106.81351 | AU97: 117.52317 | AV97: 108.13831 | AW97: 118.26142 | AX97: 108.81588 | AY97: 118.98956 | AZ97: 109.48334 | BA97: 119.73792 | BB97: 110.18114 | BC97: 120.4964 | BD97: 110.87893 | BE97: 122.04368 | BF97: 112.29475 | BG97: 122.8325 | BH97: 113.02289 | BI97: 123.63143 | BJ97: 113.76114 | BK97: Regulado | BL97: Não | BM97: Não | BN97: Não | BO97: Não | BP97: Não | BQ97: Não | BR97: Diabetes
A98: CMC&GM | B98: 525405203117418 | C98: MERCK S/A | D98: 1008902700066 | E98: BR1008016 | F98: 7891721026614 | G98: GLUCOVANCE | H98: 500 MG + 2,5 MG COM REV CT BL AL PLAS TRANS X 30 | I98: GLIBENCLAMIDA;CLORIDRATO DE METFORMINA | J98: Positiva | K98: 26.69832 | L98: 27.022598 | M98: 30.707497 | N98: 30.707497 | O98: 32.560183 | P98: 32.560183 | Q98: 32.754664 | R98: 32.754664 | S98: 32.959381 | T98: 32.959381 | U98: 33.358578 | V98: 33.358578 | W98: 33.573531 | X98: 33.573531 | Y98: 33.778247 | Z98: 33.778247 | AA98: 33.9932 | AB98: 33.9932 | AC98: 34.208152 | AD98: 34.208152 | AE98: 34.648293 | AF98: 34.648293 | AG98: 34.863245 | AH98: 34.863245 | AI98: 35.09867 | AJ98: 35.09867 | AK98: 36.800854 | AL98: 37.247837 | AM98: 42.327087 | AN98: 42.327087 | AO98: 44.880821 | AP98: 44.880821 | AQ98: 45.148893 | AR98: 45.148893 | AS98: 45.431074 | AT98: 45.431074 | AU98: 45.981326 | AV98: 45.981326 | AW98: 46.277615 | AX98: 46.277615 | AY98: 46.559796 | AZ98: 46.559796 | BA98: 46.856085 | BB98: 46.856085 | BC98: 47.152375 | BD98: 47.152375 | BE98: 47.759063 | BF98: 47.759063 | BG98: 48.055353 | BH98: 48.055353 | BI98: 48.379861 | BJ98: 48.379861 | BK98: Regulado | BL98: Não | BM98: Não | BN98: Não | BO98: Não | BP98: Não | BQ98: Não | BR98: Diabetes
A99: CMC&GM | B99: 525405202110411 | C99: MERCK S/A | D99: 1008902700112 | E99: BR1008020 | F99: 7891721026621 | G99: GLUCOVANCE | H99: 500 MG + 5 MG COM REV CT BL AL PLAS TRANS X 30 | I99: GLIBENCLAMIDA;CLORIDRATO DE METFORMINA | J99: Positiva | K99: 34.697703 | L99: 35.119141 | M99: 39.909511 | N99: 39.909511 | O99: 42.314932 | P99: 42.314932 | Q99: 42.570827 | R99: 42.570827 | S99: 42.826723 | T99: 42.826723 | U99: 43.358986 | V99: 43.358986 | W99: 43.625118 | X99: 43.625118 | Y99: 43.901486 | Z99: 43.901486 | AA99: 44.177853 | AB99: 44.177853 | AC99: 44.454221 | AD99: 44.454221 | AE99: 45.027427 | AF99: 45.027427 | AG99: 45.31403 | AH99: 45.31403 | AI99: 45.61087 | AJ99: 45.61087 | AK99: 47.82717 | AL99: 48.408079 | AM99: 55.011104 | AN99: 55.011104 | AO99: 58.326726 | AP99: 58.326726 | AQ99: 58.679452 | AR99: 58.679452 | AS99: 59.032178 | AT99: 59.032178 | AU99: 59.765847 | AV99: 59.765847 | AW99: 60.132682 | AX99: 60.132682 | AY99: 60.513626 | AZ99: 60.513626 | BA99: 60.894569 | BB99: 60.894569 | BC99: 61.275513 | BD99: 61.275513 | BE99: 62.065619 | BF99: 62.065619 | BG99: 62.460672 | BH99: 62.460672 | BI99: 62.869833 | BJ99: 62.869833 | BK99: Regulado | BL99: Não | BM99: Não | BN99: Não | BO99: Não | BP99: Não | BQ99: Não | BR99: Diabetes
A100: BIOTECH | B100: 525413010043803 | C100: MERCK S/A | D100: 1008903630096 | E100: F1991207 | F100: 7891721027802 | G100: GONAL F | H100: 300 UI (22 MCG) SOL INJ SC CT CAN APLIC CARVD TRANS X 0,5 ML | I100: ALFAFOLITROPINA | J100: Positiva | K100: 824.3814 | L100: 834.39433 | M100: 948.17962 | N100: 948.17962 | O100: 1005.2953 | P100: 1005.2953 | Q100: 1011.3833 | R100: 1011.3833 | S100: 1017.5543 | T100: 1017.5543 | U100: 1030.1142 | V100: 1030.1142 | W100: 1036.5133 | X100: 1036.5133 | Y100: 1042.9955 | Z100: 1042.9955 | AA100: 1049.5503 | AB100: 1049.5503 | AC100: 1056.1984 | AD100: 1056.1984 | AE100: 1069.7331 | AF100: 1069.7331 | AG100: 1076.6405 | AH100: 1076.6405 | AI100: 1083.6309 | AJ100: 1083.6309 | AK100: 1136.3239 | AL100: 1150.1257 | AM100: 1306.9669 | AN100: 1306.9669 | AO100: 1385.6948 | AP100: 1385.6948 | AQ100: 1394.0865 | AR100: 1394.0865 | AS100: 1402.5926 | AT100: 1402.5926 | AU100: 1419.9051 | AV100: 1419.9051 | AW100: 1428.7257 | AX100: 1428.7257 | AY100: 1437.6607 | AZ100: 1437.6607 | BA100: 1446.6957 | BB100: 1446.6957 | BC100: 1455.8595 | BD100: 1455.8595 | BE100: 1474.5157 | BF100: 1474.5157 | BG100: 1484.0368 | BH100: 1484.0368 | BI100: 1493.6723 | BJ100: 1493.6723 | BK100: Regulado | BL100: Não | BM100: Não | BN100: Não | BO100: Não | BP100: Não | BQ100: Não | BR100: Náo se Aplica
A101: BIOTECH | B101: 525413010043903 | C101: MERCK S/A | D101: 1008903630101 | E101: F19D1207 | F101: 7891721027819 | G101: GONAL F | H101: 450 UI (33 MCG) SOL INJ SC CT CAN APLIC CAR VD TRANS X 0,75 ML | I101: ALFAFOLITROPINA | J101: Positiva | K101: 1236.6285 | L101: 1251.6485 | M101: 1422.3317 | N101: 1422.3317 | O101: 1508.0103 | P101: 1508.0103 | Q101: 1517.1475 | R101: 1517.1475 | S101: 1526.3989 | T101: 1526.3989 | U101: 1545.2438 | V101: 1545.2438 | W101: 1554.8478 | X101: 1554.8478 | Y101: 1564.5659 | Z101: 1564.5659 | AA101: 1574.398 | AB101: 1574.398 | AC101: 1584.365 | AD101: 1584.365 | AE101: 1604.6723 | AF101: 1604.6723 | AG101: 1615.0334 | AH101: 1615.0334 | AI101: 1625.5189 | AJ101: 1625.5189 | AK101: 1704.5635 | AL101: 1725.2672 | AM101: 1960.5361 | AN101: 1960.5361 | AO101: 2078.6351 | AP101: 2078.6351 | AQ101: 2091.2299 | AR101: 2091.2299 | AS101: 2103.9819 | AT101: 2103.9819 | AU101: 2129.9577 | AV101: 2129.9577 | AW101: 2143.1958 | AX101: 2143.1958 | AY101: 2156.5911 | AZ101: 2156.5911 | BA101: 2170.1437 | BB101: 2170.1437 | BC101: 2183.8821 | BD101: 2183.8821 | BE101: 2211.8736 | BF101: 2211.8736 | BG101: 2226.1553 | BH101: 2226.1553 | BI101: 2240.6086 | BJ101: 2240.6086 | BK101: Regulado | BL101: Não | BM101: Não | BN101: Não | BO101: Não | BP101: Não | BQ101: Não | BR101: Náo se Aplica
A102: BIOTECH | B102: 525413010044003 | C102: MERCK S/A | D102: 1008903630118 | E102: F19B1207 | F102: 7891721027826 | G102: GONAL F | H102: 900 UI (66 MCG) SOL INJ SC CT CAN APLIC CAR VD TRANS X 1,5 ML | I102: ALFAFOLITROPINA | J102: Positiva | K102: 2473.2467 | L102: 2503.2867 | M102: 2844.6426 | N102: 2844.6426 | O102: 3016.0102 | P102: 3016.0102 | Q102: 3034.2847 | R102: 3034.2847 | S102: 3052.7874 | T102: 3052.7874 | U102: 3090.4773 | V102: 3090.4773 | W102: 3109.6749 | X102: 3109.6749 | Y102: 3129.111 | Z102: 3129.111 | AA102: 3148.7856 | AB102: 3148.7856 | AC102: 3168.7196 | AD102: 3168.7196 | AE102: 3209.3446 | AF102: 3209.3446 | AG102: 3230.046 | AH102: 3230.046 | AI102: 3251.0171 | AJ102: 3251.0171 | AK102: 3409.1129 | AL102: 3450.52 | AM102: 3921.0435 | AN102: 3921.0435 | AO102: 4157.256 | AP102: 4157.256 | AQ102: 4182.4455 | AR102: 4182.4455 | AS102: 4207.9495 | AT102: 4207.9495 | AU102: 4259.9011 | AV102: 4259.9011 | AW102: 4286.3629 | AX102: 4286.3629 | AY102: 4313.1536 | AZ102: 4313.1536 | BA102: 4340.2731 | BB102: 4340.2731 | BC102: 4367.7499 | BD102: 4367.7499 | BE102: 4423.7473 | BF102: 4423.7473 | BG102: 4452.2821 | BH102: 4452.2821 | BI102: 4481.1885 | BJ102: 4481.1885 | BK102: Regulado | BL102: Não | BM102: Não | BN102: Não | BO102: Não | BP102: Não | BQ102: Não | BR102: Náo se Aplica
...
